Workbook

Sheet Расчет дотаций
B1: Распределение дотаций местным бюджетам на поддержку мер по обеспечению сбалансированности местных бюджетов
A2: за 2024 год
A3: Наименование муниципального образования | B3: Отсутствие просроченной кредиторской задолженности бюджета городского округа, консолидированного бюджета городского округа с внутригородским делением, консолидированного бюджета муниципального района по состоянию на конец отчетного периода | D3: Объем алкогольной продукции, зафиксированный в единой государственной автоматизированной информационной системе (дкл.) | H3: Эффективность вовлечения объектов недвижимости в налоговый оборот (%) (по состоянию на 01.07.2024) | L3: Общая площадь введенного в эксплуатацию жилья с учетом индивидуального жилищного строительства | P3: Валовой сбор зерна в весе после доработки (тыс. тонн) | T3: Производство молока во всех категориях хозяйств (тонн) | X3: Производство скота и птицы на убой (в живом весе) во всех категориях хозяйств (тонн) | AB3: Сводная оценка выполнения социально-экономических показателей | AC3: Годовое значение, тыс. рублей | AD3: Распределение за отчетный период, тыс. рублей | AE3: Отклонение от планируемого распределения, тыс. рублей | AF3: Удержание дотаций в 2024 году в связи с исполнением показателей за 2023 год, тыс. рублей | AG3: Сумма не подлежащая перечислению при подведении итогов за 2024 год за превышение предельных значений уровня муниципального долга, установленных абзацами с восьмого по одиннадцатый п.5 Правил и условий предоставления дотаций | AH3: Распределение за отчетный период с учетом удержания и сумм, неподлежащих перечислению, тыс. рублей | AI3: Ранее предоставленные дотации в 2024 году, тыс. рублей | AV3: Распределение дотаций за вычетом предоставленных дотаций за январь-ноябрь, тыс. рублей | AW3: Соблюдение условий предоставления дотаций*: | BA3: Распределение (+) / Взыскание (-) за отчётный период с учетом выполнения условий предоставления дотаций, тыс. рублей
AW4: Соблюдение норматива формирования расходов на содержание органов местного самоуправления | AX4: непривлечение кредитов кредитных организаций в декабре 2024 года | AZ4: неувеличение объема муниципального долга в части кредитов кредитных организаций в декабре 2024 года (не применяется если объем долга на 01.01.2025 не превышает его объем по состоянию на начало 2024 года)
AI5: досрочное перечисление (распоряжение МУФ СО от 16.01.2024 № 01-08/2) | AJ5: за январь | AK5: досрочное перечисление (распоряжение МУФ СО от 22.02.2024 № 01-08/12) | AL5: за февраль | AM5: за март | AN5: за апрель | AO5: за май | AP5: за июнь | AQ5: за июль | AR5: за август | AS5: за сентябрь | AT5: за октябрь | AU5: за ноябрь | AX5: МО у которых доля дотаций на выравнивание бюджетной обеспеченности в доходах бюджета (без учета субвенций) за 2023 год > 15 % | AY5: МО, муниципальный долг которых на 01.01.2025 > 90% от утвержденного общего годового объема доходов без учета утвержденного объема безвозмездных поступлений
B6: Исполнение | C6: Вес | D6: Прогнозное значение | E6: Фактически сложившийся уровень | F6: Исполнение с уч. корректир. макс. перевыполнения | G6: Вес | H6: Прогнозное значение | I6: Фактически сложившийся уровень | J6: Исполнение с уч. корректир. макс. перевыполнения | K6: Вес | L6: Прогнозное значение | M6: Фактически сложившийся уровень | N6: Исполнение с уч. корректир. макс. перевыполнения | O6: Вес | P6: Прогнозное значение | Q6: Фактически сложившийся уровень | R6: Исполнение с уч. корректир. макс. перевыполнения | S6: Вес | T6: Прогнозное значение | U6: Фактически сложившийся уровень | V6: Исполнение с уч. корректир. макс. перевыполнения | W6: Вес | X6: Прогнозное значение | Y6: Фактически сложившийся уровень | Z6: Исполнение с уч. корректир. макс. перевыполнения | AA6: Вес
A7: 1 | B7: 2 | C7: 3 | D7: 4 | E7: 5 | F7: 6=5/4 | G7: 7 | H7: 8 | I7: 9 | J7: 10=9/8 | K7: 11 | L7: 12 | M7: 13 | N7: 14=13/12 | O7: 15 | P7: 16 | Q7: 17 | R7: 18=17/16 | S7: 19 | T7: 20 | U7: 21 | V7: 22=21/20 | W7: 23 | X7: 24 | Y7: 25 | Z7: 26=25/24 | AA7: 27 | AB7: 28 | AC7: 29 | AD7: 30=28*29 | AE7: 31=30-29 | AF7: 32 | AG7: 33 | AH7: 34=30-32-33 | AI7: 35 | AJ7: 36 | AK7: 37 | AL7: 38 | AM7: 39 | AN7: 40 | AO7: 41 | AP7: 42 | AQ7: 43 | AR7: 44 | AS7: 45 | AT7: 46 | AU7: 47 | AV7: 48=34-(35+...+47) | AW7: 49 | AX7: 50 | AY7: 51 | AZ7: 52 | BA7: 53
A8: Городские округа (городской округ с внутригородским делением) | D8: =SUM(D9:D18) -> 1821556 | E8: =SUM(E9:E18) -> 1907666 | F8: =IF(E8/D8>1.2,IF((E8/D8-1.2)*0.1+1.2>1.3,1.3,(E8/D8-1.2)*0.1+1.2),E8/D8) -> 1.0472728 | L8: =SUM(L9:L18) -> 1571950 | M8: =SUM(M9:M18) -> 951339 | N8: =IF(M8/L8>1.2,IF((M8/L8-1.2)*0.1+1.2>1.3,1.3,(M8/L8-1.2)*0.1+1.2),M8/L8) -> 0.60519673 | AC8: =SUM(AC9:AC18) -> 2100916 | AD8: =SUM(AD9:AD18) -> 1962421.7 | AE8: =SUM(AE9:AE18) -> -138494.3 | AF8: =SUM(AF9:AF18) -> 65472.3 | AG8: =SUM(AG9:AG18) -> 0 | AH8: =SUM(AH9:AH18) -> 1896949.4 | AI8: =SUM(AI9:AI18) -> 0 | AJ8: =SUM(AJ9:AJ18) -> 173158.3 | ... AV8: =SUM(AV9:AV18) -> 109245.8 | BA8: =SUM(BA9:BA18) -> 109245.8
A9: Самара | B9: 1 | C9: 10 | D9: 944071 | E9: 974795 | F9: =IF(G9=0,0,IF(D9=0,1,IF(E9<0,0,IF(E9/D9>1.2,IF((E9/D9-1.2)*0.1+1.2>1.3,1.3,(E9/D9-1.2)*0.1+1.2),E9/D9)))) -> 1.0325442 | G9: 15 | H9: 200 | I9: 186 | J9: =IF(K9=0,0,IF(H9=0,1,IF(I9<0,0,IF(I9/H9>1.2,IF((I9/H9-1.2)*0.1+1.2>1.3,1.3,(I9/H9-1.2)*0.1+1.2),I9/H9)))) -> 0.93 | K9: 20 | L9: 1177270 | M9: 615763 | N9: =IF(O9=0,0,IF(L9=0,1,IF(M9<0,0,IF(M9/L9>1.2,IF((M9/L9-1.2)*0.1+1.2>1.3,1.3,(M9/L9-1.2)*0.1+1.2),M9/L9)))) -> 0.52304314 | O9: 15 | P9: Х | Q9: Х | R9: Х | S9: Х | T9: Х | U9: Х | V9: Х | W9: Х | X9: Х | Y9: Х | Z9: Х | AA9: Х | AB9: =(B9*C9+F9*G9+J9*K9+N9*O9)/(C9+G9+K9+O9) -> 0.86556349 | AC9: 565350 | AD9: =ROUND(AB9*AC9,1) -> 489346.3 | AE9: =AD9-AC9 -> -76003.7 | AF9: 14469.3 | AH9: =AD9-AF9-AG9 -> 474877 | AJ9: 46497.8 | AL9: 46497.8 | AM9: 47664.6 | AN9: 37342.6 | AO9: 31294.2 | AP9: 39544.5 | AQ9: 11652.2 | AR9: 36615.6 | AS9: 69085.9 | AT9: 32038.7 | AU9: 41270.3 | AV9: =ROUND(AH9-SUM(AI9:AU9),1) -> 35372.8 | BA9: =IF(AND(AV9>0,OR(AW9="+",AX9="+",AY9="+",AZ9="+")),0,AV9) -> 35372.8
A10: Тольятти | B10: 1 | C10: 10 | D10: 443731 | E10: 478342 | F10: =IF(G10=0,0,IF(D10=0,1,IF(E10<0,0,IF(E10/D10>1.2,IF((E10/D10-1.2)*0.1+1.2>1.3,1.3,(E10/D10-1.2)*0.1+1.2),E10/D10)))) -> 1.078 | G10: 15 | H10: 200 | I10: 196.9 | J10: =IF(K10=0,0,IF(H10=0,1,IF(I10<0,0,IF(I10/H10>1.2,IF((I10/H10-1.2)*0.1+1.2>1.3,1.3,(I10/H10-1.2)*0.1+1.2),I10/H10)))) -> 0.9845 | K10: 20 | L10: 231596 | M10: 79499 | N10: =IF(O10=0,0,IF(L10=0,1,IF(M10<0,0,IF(M10/L10>1.2,IF((M10/L10-1.2)*0.1+1.2>1.3,1.3,(M10/L10-1.2)*0.1+1.2),M10/L10)))) -> 0.34326586 | O10: 15 | P10: Х | Q10: Х | R10: Х | S10: Х | T10: Х | U10: Х | V10: Х | W10: Х | X10: Х | Y10: Х | Z10: Х | AA10: Х | AB10: =(B10*C10+F10*G10+J10*K10+N10*O10)/(C10+G10+K10+O10) -> 0.85014979 | AC10: 672631 | AD10: =ROUND(AB10*AC10,1) -> 571837.1 | AE10: =AD10-AC10 -> -100793.9 | AF10: 27945.5 | AH10: =AD10-AF10-AG10 -> 543891.6 | AJ10: 55974.5 | AL10: 55974.6 | AM10: 55974.5 | AN10: 55285.7 | AO10: 0 | AP10: 12979.2 | AQ10: 35529.3 | AR10: 33456.8 | AS10: 69410.2 | AT10: 54413.1 | AU10: 45694.3 | AV10: =ROUND(AH10-SUM(AI10:AU10),1) -> 69199.4 | BA10: =IF(AND(AV10>0,OR(AW10="+",AX10="+",AY10="+",AZ10="+")),0,AV10) -> 69199.4
A11: Сызрань | B11: 1 | C11: 10 | D11: 136507 | E11: 142410 | F11: =IF(G11=0,0,IF(D11=0,1,IF(E11<0,0,IF(E11/D11>1.2,IF((E11/D11-1.2)*0.1+1.2>1.3,1.3,(E11/D11-1.2)*0.1+1.2),E11/D11)))) -> 1.0432432 | G11: 15 | H11: 200 | I11: 193 | J11: =IF(K11=0,0,IF(H11=0,1,IF(I11<0,0,IF(I11/H11>1.2,IF((I11/H11-1.2)*0.1+1.2>1.3,1.3,(I11/H11-1.2)*0.1+1.2),I11/H11)))) -> 0.965 | K11: 20 | L11: 38191 | M11: 47341 | N11: =IF(O11=0,0,IF(L11=0,1,IF(M11<0,0,IF(M11/L11>1.2,IF((M11/L11-1.2)*0.1+1.2>1.3,1.3,(M11/L11-1.2)*0.1+1.2),M11/L11)))) -> 1.2039585 | O11: 15 | P11: Х | Q11: Х | R11: Х | S11: Х | T11: Х | U11: Х | V11: Х | W11: Х | X11: Х | Y11: Х | Z11: Х | AA11: Х | AB11: =(B11*C11+F11*G11+J11*K11+N11*O11)/(C11+G11+K11+O11) -> 1.0501338 | AC11: 215062 | AD11: =ROUND(AB11*AC11,1) -> 225843.9 | AE11: =AD11-AC11 -> 10781.9 | AF11: 6927.2 | AH11: =AD11-AF11-AG11 -> 218916.7 | AJ11: 18294.5 | AL11: 18294.6 | AM11: 18294.5 | AN11: 17063.7 | AO11: 18551.5 | AP11: 16991.3 | AQ11: 14641.8 | AR11: 16020.2 | AS11: 27679.5 | AT11: 33477.1 | AU11: 20623.6 | AV11: =ROUND(AH11-SUM(AI11:AU11),1) -> -1015.6 | BA11: =IF(AND(AV11>0,OR(AW11="+",AX11="+",AY11="+",AZ11="+")),0,AV11) -> -1015.6
A12: Новокуйбышевск | B12: 1 | C12: 10 | D12: 81744 | E12: 84124 | F12: =IF(G12=0,0,IF(D12=0,1,IF(E12<0,0,IF(E12/D12>1.2,IF((E12/D12-1.2)*0.1+1.2>1.3,1.3,(E12/D12-1.2)*0.1+1.2),E12/D12)))) -> 1.0291153 | G12: 15 | H12: 200 | I12: 197.7 | J12: =IF(K12=0,0,IF(H12=0,1,IF(I12<0,0,IF(I12/H12>1.2,IF((I12/H12-1.2)*0.1+1.2>1.3,1.3,(I12/H12-1.2)*0.1+1.2),I12/H12)))) -> 0.9885 | K12: 20 | L12: 25596 | M12: 39812 | N12: =IF(O12=0,0,IF(L12=0,1,IF(M12<0,0,IF(M12/L12>1.2,IF((M12/L12-1.2)*0.1+1.2>1.3,1.3,(M12/L12-1.2)*0.1+1.2),M12/L12)))) -> 1.2355399 | O12: 15 | P12: Х | Q12: Х | R12: Х | S12: Х | T12: Х | U12: Х | V12: Х | W12: Х | X12: Х | Y12: Х | Z12: Х | AA12: Х | AB12: =(B12*C12+F12*G12+J12*K12+N12*O12)/(C12+G12+K12+O12) -> 1.0623305 | AC12: 122364 | AD12: =ROUND(AB12*AC12,1) -> 129991 | AE12: =AD12-AC12 -> 7627 | AF12: 4553.7 | AH12: =AD12-AF12-AG12 -> 125437.3 | AJ12: 10381 | AL12: 10381 | AM12: 10381 | AN12: 9916.8 | AO12: 13426.9 | AP12: 10168.6 | AQ12: 7052.6 | AR12: 9918 | AS12: 16613.8 | AT12: 15406.6 | AU12: 11820 | AV12: =ROUND(AH12-SUM(AI12:AU12),1) -> -29 | BA12: =IF(AND(AV12>0,OR(AW12="+",AX12="+",AY12="+",AZ12="+")),0,AV12) -> -29
A13: Чапаевск | B13: 1 | C13: 10 | D13: 46536 | E13: 50753 | F13: =IF(G13=0,0,IF(D13=0,1,IF(E13<0,0,IF(E13/D13>1.2,IF((E13/D13-1.2)*0.1+1.2>1.3,1.3,(E13/D13-1.2)*0.1+1.2),E13/D13)))) -> 1.090618 | G13: 15 | H13: 200 | I13: 176 | J13: =IF(K13=0,0,IF(H13=0,1,IF(I13<0,0,IF(I13/H13>1.2,IF((I13/H13-1.2)*0.1+1.2>1.3,1.3,(I13/H13-1.2)*0.1+1.2),I13/H13)))) -> 0.88 | K13: 20 | L13: 12731 | M13: 23705 | N13: =IF(O13=0,0,IF(L13=0,1,IF(M13<0,0,IF(M13/L13>1.2,IF((M13/L13-1.2)*0.1+1.2>1.3,1.3,(M13/L13-1.2)*0.1+1.2),M13/L13)))) -> 1.266199 | O13: 15 | P13: Х | Q13: Х | R13: Х | S13: Х | T13: Х | U13: Х | V13: Х | W13: Х | X13: Х | Y13: Х | Z13: Х | AA13: Х | AB13: =(B13*C13+F13*G13+J13*K13+N13*O13)/(C13+G13+K13+O13) -> 1.0492043 | AC13: 98089 | AD13: =ROUND(AB13*AC13,1) -> 102915.4 | AE13: =AD13-AC13 -> 4826.4 | AH13: =AD13-AF13-AG13 -> 102915.4 | AJ13: 8555.5 | AL13: 8555.4 | AM13: 8555.5 | AN13: 6919.1 | AO13: 13105.9 | AP13: 9138.3 | AQ13: 9138.3 | AR13: 7669.6 | AS13: 12362.2 | AT13: 9053.4 | AU13: 9305.3 | AV13: =ROUND(AH13-SUM(AI13:AU13),1) -> 556.9 | BA13: =IF(AND(AV13>0,OR(AW13="+",AX13="+",AY13="+",AZ13="+")),0,AV13) -> 556.9
A14: Отрадный | B14: 1 | C14: 10 | D14: 40513 | E14: 41057 | F14: =IF(G14=0,0,IF(D14=0,1,IF(E14<0,0,IF(E14/D14>1.2,IF((E14/D14-1.2)*0.1+1.2>1.3,1.3,(E14/D14-1.2)*0.1+1.2),E14/D14)))) -> 1.0134278 | G14: 15 | H14: 200 | I14: 184 | J14: =IF(K14=0,0,IF(H14=0,1,IF(I14<0,0,IF(I14/H14>1.2,IF((I14/H14-1.2)*0.1+1.2>1.3,1.3,(I14/H14-1.2)*0.1+1.2),I14/H14)))) -> 0.92 | K14: 20 | L14: 9900 | M14: 12403 | N14: =IF(O14=0,0,IF(L14=0,1,IF(M14<0,0,IF(M14/L14>1.2,IF((M14/L14-1.2)*0.1+1.2>1.3,1.3,(M14/L14-1.2)*0.1+1.2),M14/L14)))) -> 1.2052828 | O14: 15 | P14: Х | Q14: Х | R14: Х | S14: Х | T14: Х | U14: Х | V14: Х | W14: Х | X14: Х | Y14: Х | Z14: Х | AA14: Х | AB14: =(B14*C14+F14*G14+J14*K14+N14*O14)/(C14+G14+K14+O14) -> 1.028011 | AC14: 58464 | AD14: =ROUND(AB14*AC14,1) -> 60101.6 | AE14: =AD14-AC14 -> 1637.6 | AF14: 280.5 | AH14: =AD14-AF14-AG14 -> 59821.1 | AJ14: 5001.7 | AL14: 5001.8 | AM14: 5001.7 | AN14: 4342.5 | AO14: 3843 | AP14: 4593.3 | AQ14: 4527.2 | AR14: 4040 | AS14: 7092.3 | AT14: 11416 | AU14: 5514 | AV14: =ROUND(AH14-SUM(AI14:AU14),1) -> -552.4 | BA14: =IF(AND(AV14>0,OR(AW14="+",AX14="+",AY14="+",AZ14="+")),0,AV14) -> -552.4
A15: Жигулевск | B15: 1 | C15: 10 | D15: 42499 | E15: 44485 | F15: =IF(G15=0,0,IF(D15=0,1,IF(E15<0,0,IF(E15/D15>1.2,IF((E15/D15-1.2)*0.1+1.2>1.3,1.3,(E15/D15-1.2)*0.1+1.2),E15/D15)))) -> 1.0467305 | G15: 15 | H15: 200 | I15: 187 | J15: =IF(K15=0,0,IF(H15=0,1,IF(I15<0,0,IF(I15/H15>1.2,IF((I15/H15-1.2)*0.1+1.2>1.3,1.3,(I15/H15-1.2)*0.1+1.2),I15/H15)))) -> 0.935 | K15: 20 | L15: 12384 | M15: 16741 | N15: =IF(O15=0,0,IF(L15=0,1,IF(M15<0,0,IF(M15/L15>1.2,IF((M15/L15-1.2)*0.1+1.2>1.3,1.3,(M15/L15-1.2)*0.1+1.2),M15/L15)))) -> 1.2151825 | O15: 15 | P15: Х | Q15: Х | R15: Х | S15: Х | T15: Х | U15: Х | V15: Х | W15: Х | X15: Х | Y15: Х | Z15: Х | AA15: Х | AB15: =(B15*C15+F15*G15+J15*K15+N15*O15)/(C15+G15+K15+O15) -> 1.0438116 | AC15: 102191 | AD15: =ROUND(AB15*AC15,1) -> 106668.1 | AE15: =AD15-AC15 -> 4477.1 | AH15: =AD15-AF15-AG15 -> 106668.1 | AJ15: 7923.9 | AL15: 7923.9 | AM15: 7923.9 | AN15: 6237.8 | AO15: 11800.4 | AP15: 8362 | AQ15: 7512.8 | AR15: 8657.5 | AS15: 21160.7 | AT15: 9134.4 | AU15: 9663.8 | AV15: =ROUND(AH15-SUM(AI15:AU15),1) -> 367 | BA15: =IF(AND(AV15>0,OR(AW15="+",AX15="+",AY15="+",AZ15="+")),0,AV15) -> 367
A16: Октябрьск | B16: 1 | C16: 10 | D16: 15270 | E16: 15844 | F16: =IF(G16=0,0,IF(D16=0,1,IF(E16<0,0,IF(E16/D16>1.2,IF((E16/D16-1.2)*0.1+1.2>1.3,1.3,(E16/D16-1.2)*0.1+1.2),E16/D16)))) -> 1.03759 | G16: 15 | H16: 200 | I16: 200 | J16: =IF(K16=0,0,IF(H16=0,1,IF(I16<0,0,IF(I16/H16>1.2,IF((I16/H16-1.2)*0.1+1.2>1.3,1.3,(I16/H16-1.2)*0.1+1.2),I16/H16)))) -> 1 | K16: 20 | L16: 6135 | M16: 6545 | N16: =IF(O16=0,0,IF(L16=0,1,IF(M16<0,0,IF(M16/L16>1.2,IF((M16/L16-1.2)*0.1+1.2>1.3,1.3,(M16/L16-1.2)*0.1+1.2),M16/L16)))) -> 1.0668297 | O16: 15 | P16: Х | Q16: Х | R16: Х | S16: Х | T16: Х | U16: Х | V16: Х | W16: Х | X16: Х | Y16: Х | Z16: Х | AA16: Х | AB16: =(B16*C16+F16*G16+J16*K16+N16*O16)/(C16+G16+K16+O16) -> 1.0261049 | AC16: 106170 | AD16: =ROUND(AB16*AC16,1) -> 108941.6 | AE16: =AD16-AC16 -> 2771.6 | AF16: 5343.8 | AH16: =AD16-AF16-AG16 -> 103597.8 | AJ16: 7164.2 | AL16: 7164.2 | AM16: 7164.1 | AN16: 7047.6 | AO16: 8586.6 | AP16: 6570.4 | AQ16: 6206.7 | AR16: 6674 | AS16: 30309 | AT16: 5721.7 | AU16: 9795.2 | AV16: =ROUND(AH16-SUM(AI16:AU16),1) -> 1194.1 | BA16: =IF(AND(AV16>0,OR(AW16="+",AX16="+",AY16="+",AZ16="+")),0,AV16) -> 1194.1
A17: Кинель | B17: 1 | C17: 10 | D17: 50119 | E17: 53434 | F17: =IF(G17=0,0,IF(D17=0,1,IF(E17<0,0,IF(E17/D17>1.2,IF((E17/D17-1.2)*0.1+1.2>1.3,1.3,(E17/D17-1.2)*0.1+1.2),E17/D17)))) -> 1.0661426 | G17: 15 | H17: 200 | I17: 196 | J17: =IF(K17=0,0,IF(H17=0,1,IF(I17<0,0,IF(I17/H17>1.2,IF((I17/H17-1.2)*0.1+1.2>1.3,1.3,(I17/H17-1.2)*0.1+1.2),I17/H17)))) -> 0.98 | K17: 20 | L17: 49727 | M17: 102266 | N17: =IF(O17=0,0,IF(L17=0,1,IF(M17<0,0,IF(M17/L17>1.2,IF((M17/L17-1.2)*0.1+1.2>1.3,1.3,(M17/L17-1.2)*0.1+1.2),M17/L17)))) -> 1.2856549 | O17: 15 | P17: Х | Q17: Х | R17: Х | S17: Х | T17: Х | U17: Х | V17: Х | W17: Х | X17: Х | Y17: Х | Z17: Х | AA17: Х | AB17: =(B17*C17+F17*G17+J17*K17+N17*O17)/(C17+G17+K17+O17) -> 1.0812827 | AC17: 92021 | AD17: =ROUND(AB17*AC17,1) -> 99500.7 | AE17: =AD17-AC17 -> 7479.7 | AF17: 2016.1 | AH17: =AD17-AF17-AG17 -> 97484.6 | AJ17: 8078.3 | AL17: 8078.2 | AM17: 8078.3 | AN17: 8319.8 | AO17: 10995 | AP17: 8387.3 | AQ17: 8160.4 | AR17: 7458.5 | AS17: 11010 | AT17: 9288.2 | AU17: 8987 | AV17: =ROUND(AH17-SUM(AI17:AU17),1) -> 643.6 | BA17: =IF(AND(AV17>0,OR(AW17="+",AX17="+",AY17="+",AZ17="+")),0,AV17) -> 643.6
A18: Похвистнево | B18: 1 | C18: 10 | D18: 20566 | E18: 22422 | F18: =IF(G18=0,0,IF(D18=0,1,IF(E18<0,0,IF(E18/D18>1.2,IF((E18/D18-1.2)*0.1+1.2>1.3,1.3,(E18/D18-1.2)*0.1+1.2),E18/D18)))) -> 1.090246 | G18: 15 | H18: 200 | I18: 195.7 | J18: =IF(K18=0,0,IF(H18=0,1,IF(I18<0,0,IF(I18/H18>1.2,IF((I18/H18-1.2)*0.1+1.2>1.3,1.3,(I18/H18-1.2)*0.1+1.2),I18/H18)))) -> 0.9785 | K18: 20 | L18: 8420 | M18: 7264 | N18: =IF(O18=0,0,IF(L18=0,1,IF(M18<0,0,IF(M18/L18>1.2,IF((M18/L18-1.2)*0.1+1.2>1.3,1.3,(M18/L18-1.2)*0.1+1.2),M18/L18)))) -> 0.86270784 | O18: 15 | P18: Х | Q18: Х | R18: Х | S18: Х | T18: Х | U18: Х | V18: Х | W18: Х | X18: Х | Y18: Х | Z18: Х | AA18: Х | AB18: =(B18*C18+F18*G18+J18*K18+N18*O18)/(C18+G18+K18+O18) -> 0.9810718 | AC18: 68574 | AD18: =ROUND(AB18*AC18,1) -> 67276 | AE18: =AD18-AC18 -> -1298 | AF18: 3936.2 | AH18: =AD18-AF18-AG18 -> 63339.8 | AJ18: 5286.9 | AL18: 5286.9 | AM18: 5286.9 | AN18: 5437.5 | AO18: 945.8 | AP18: 3819.1 | AQ18: 5407.2 | AR18: 3440.8 | AS18: 11640.6 | AT18: 7482.1 | AU18: 5797 | AV18: =ROUND(AH18-SUM(AI18:AU18),1) -> 3509 | BA18: =IF(AND(AV18>0,OR(AW18="+",AX18="+",AY18="+",AZ18="+")),0,AV18) -> 3509
A19: Муниципальные районы | D19: =SUM(D20:D46) -> 421102 | E19: =SUM(E20:E46) -> 448986 | F19: =IF(E19/D19>1.2,IF((E19/D19-1.2)*0.1+1.2>1.3,1.3,(E19/D19-1.2)*0.1+1.2),E19/D19) -> 1.0662167 | L19: =SUM(L20:L46) -> 680710 | M19: =SUM(M20:M46) -> 1061436 | N19: =IF(M19/L19>1.2,IF((M19/L19-1.2)*0.1+1.2>1.3,1.3,(M19/L19-1.2)*0.1+1.2),M19/L19) -> 1.2359307 | P19: =SUM(P20:P46) -> 2683.6 | Q19: =SUM(Q20:Q46) -> 2770.5 | R19: =IF(Q19/P19>1.2,IF((Q19/P19-1.2)*0.1+1.2>1.3,1.3,(Q19/P19-1.2)*0.1+1.2),Q19/P19) -> 1.0323819 | T19: =SUM(T20:T46) -> 466150.6 | U19: =SUM(U20:U46) -> 431521.7 | V19: =IF(U19/T19>1.2,IF((U19/T19-1.2)*0.1+1.2>1.3,1.3,(U19/T19-1.2)*0.1+1.2),U19/T19) -> 0.92571306 | X19: =SUM(X20:X46) -> 144538.7 | Y19: =SUM(Y20:Y46) -> 150987.2 | Z19: =IF(Y19/X19>1.2,IF((Y19/X19-1.2)*0.1+1.2>1.3,1.3,(Y19/X19-1.2)*0.1+1.2),Y19/X19) -> 1.0446143 | AC19: =SUM(AC20:AC46) -> 1537596 | AD19: =SUM(AD20:AD46) -> 1505837.3 | AE19: =SUM(AE20:AE46) -> -31758.7 | AF19: =SUM(AF20:AF46) -> 27782.6 | AG19: =SUM(AG20:AG46) -> 0 | AH19: =SUM(AH20:AH46) -> 1478054.7 | AI19: =SUM(AI20:AI46) -> 7282.6 | AJ19: =SUM(AJ20:AJ46) -> 125631.7 | ... AV19: =SUM(AV20:AV46) -> -20378.6 | BA19: =SUM(BA20:BA46) -> -20378.6
A20: Алексеевский | B20: 1 | C20: 10 | D20: 3430 | E20: 3854 | F20: =IF(G20=0,0,IF(D20=0,1,IF(E20<0,0,IF(E20/D20>1.2,IF((E20/D20-1.2)*0.1+1.2>1.3,1.3,(E20/D20-1.2)*0.1+1.2),E20/D20)))) -> 1.1236152 | G20: 10 | H20: 200 | I20: 200 | J20: =IF(K20=0,0,IF(H20=0,1,IF(I20<0,0,IF(I20/H20>1.2,IF((I20/H20-1.2)*0.1+1.2>1.3,1.3,(I20/H20-1.2)*0.1+1.2),I20/H20)))) -> 1 | K20: 15 | L20: 2754 | M20: 980 | N20: =IF(O20=0,0,IF(L20=0,1,IF(M20<0,0,IF(M20/L20>1.2,IF((M20/L20-1.2)*0.1+1.2>1.3,1.3,(M20/L20-1.2)*0.1+1.2),M20/L20)))) -> 0.35584604 | O20: 5 | P20: 92.1 | Q20: 112.3 | R20: =IF(S20=0,0,IF(P20=0,1,IF(Q20<0,0,IF(Q20/P20>1.2,IF((Q20/P20-1.2)*0.1+1.2>1.3,1.3,(Q20/P20-1.2)*0.1+1.2),Q20/P20)))) -> 1.2019327 | S20: 10 | T20: 25519.4 | U20: 16470.9 | V20: =IF(W20=0,0,IF(T20=0,1,IF(U20<0,0,IF(U20/T20>1.2,IF((U20/T20-1.2)*0.1+1.2>1.3,1.3,(U20/T20-1.2)*0.1+1.2),U20/T20)))) -> 0.64542662 | W20: 10 | X20: 4600 | Y20: 2161.1 | Z20: =IF(AA20=0,0,IF(X20=0,1,IF(Y20<0,0,IF(Y20/X20>1.2,IF((Y20/X20-1.2)*0.1+1.2>1.3,1.3,(Y20/X20-1.2)*0.1+1.2),Y20/X20)))) -> 0.46980435 | AA20: 10 | AB20: =(B20*C20+F20*G20+J20*K20+N20*O20+R20*S20+V20*W20+Z20*AA20)/(C20+G20+K20+O20+S20+W20+AA20) -> 0.87410026 | AC20: 34565 | AD20: =ROUND(AB20*AC20,1) -> 30213.3 | AE20: =AD20-AC20 -> -4351.7 | AF20: 1442 | AH20: =AD20-AF20-AG20 -> 28771.3 | AJ20: 3009.6 | AL20: 3009.7 | AM20: 3009.6 | AN20: 2484.4 | AO20: 2170.8 | AP20: 2506 | AQ20: 1796.8 | AR20: 3280.1 | AS20: 3625.8 | AT20: 2129.3 | AU20: 2846.5 | AV20: =ROUND(AH20-SUM(AI20:AU20),1) -> -1097.3 | BA20: =IF(AND(AV20>0,OR(AW20="+",AX20="+",AY20="+",AZ20="+")),0,AV20) -> -1097.3
A21: Безенчукский | B21: 1 | C21: 10 | D21: 24489 | E21: 24884 | F21: =IF(G21=0,0,IF(D21=0,1,IF(E21<0,0,IF(E21/D21>1.2,IF((E21/D21-1.2)*0.1+1.2>1.3,1.3,(E21/D21-1.2)*0.1+1.2),E21/D21)))) -> 1.0161297 | G21: 10 | H21: 200 | I21: 199 | J21: =IF(K21=0,0,IF(H21=0,1,IF(I21<0,0,IF(I21/H21>1.2,IF((I21/H21-1.2)*0.1+1.2>1.3,1.3,(I21/H21-1.2)*0.1+1.2),I21/H21)))) -> 0.995 | K21: 15 | L21: 15514 | M21: 18506 | N21: =IF(O21=0,0,IF(L21=0,1,IF(M21<0,0,IF(M21/L21>1.2,IF((M21/L21-1.2)*0.1+1.2>1.3,1.3,(M21/L21-1.2)*0.1+1.2),M21/L21)))) -> 1.1928581 | O21: 5 | P21: 108.1 | Q21: 104.1 | R21: =IF(S21=0,0,IF(P21=0,1,IF(Q21<0,0,IF(Q21/P21>1.2,IF((Q21/P21-1.2)*0.1+1.2>1.3,1.3,(Q21/P21-1.2)*0.1+1.2),Q21/P21)))) -> 0.96299722 | S21: 10 | T21: 21848.3 | U21: 21848.4 | V21: =IF(W21=0,0,IF(T21=0,1,IF(U21<0,0,IF(U21/T21>1.2,IF((U21/T21-1.2)*0.1+1.2>1.3,1.3,(U21/T21-1.2)*0.1+1.2),U21/T21)))) -> 1.0000046 | W21: 10 | X21: 3398.2 | Y21: 3398.3 | Z21: =IF(AA21=0,0,IF(X21=0,1,IF(Y21<0,0,IF(Y21/X21>1.2,IF((Y21/X21-1.2)*0.1+1.2>1.3,1.3,(Y21/X21-1.2)*0.1+1.2),Y21/X21)))) -> 1.0000294 | AA21: 10 | AB21: =(B21*C21+F21*G21+J21*K21+N21*O21+R21*S21+V21*W21+Z21*AA21)/(C21+G21+K21+O21+S21+W21+AA21) -> 1.0097271 | AC21: 63617 | AD21: =ROUND(AB21*AC21,1) -> 64235.8 | AE21: =AD21-AC21 -> 618.8 | AF21: 1639.5 | AH21: =AD21-AF21-AG21 -> 62596.3 | AJ21: 5613.7 | AL21: 5613.8 | AM21: 5613.7 | AN21: 5707.7 | AO21: 4635.9 | AP21: 5174.7 | AQ21: 7525.9 | AR21: 5241.6 | AS21: 7055.7 | AT21: 5692 | AU21: 5951.5 | AV21: =ROUND(AH21-SUM(AI21:AU21),1) -> -1229.9 | BA21: =IF(AND(AV21>0,OR(AW21="+",AX21="+",AY21="+",AZ21="+")),0,AV21) -> -1229.9
A22: Богатовский | B22: 1 | C22: 10 | D22: 7451 | E22: 7689 | F22: =IF(G22=0,0,IF(D22=0,1,IF(E22<0,0,IF(E22/D22>1.2,IF((E22/D22-1.2)*0.1+1.2>1.3,1.3,(E22/D22-1.2)*0.1+1.2),E22/D22)))) -> 1.031942 | G22: 10 | H22: 200 | I22: 192 | J22: =IF(K22=0,0,IF(H22=0,1,IF(I22<0,0,IF(I22/H22>1.2,IF((I22/H22-1.2)*0.1+1.2>1.3,1.3,(I22/H22-1.2)*0.1+1.2),I22/H22)))) -> 0.96 | K22: 15 | L22: 7190 | M22: 5218 | N22: =IF(O22=0,0,IF(L22=0,1,IF(M22<0,0,IF(M22/L22>1.2,IF((M22/L22-1.2)*0.1+1.2>1.3,1.3,(M22/L22-1.2)*0.1+1.2),M22/L22)))) -> 0.72573018 | O22: 5 | P22: 54.3 | Q22: 55.5 | R22: =IF(S22=0,0,IF(P22=0,1,IF(Q22<0,0,IF(Q22/P22>1.2,IF((Q22/P22-1.2)*0.1+1.2>1.3,1.3,(Q22/P22-1.2)*0.1+1.2),Q22/P22)))) -> 1.0220994 | S22: 10 | T22: 16634.9 | U22: 21002.7 | V22: =IF(W22=0,0,IF(T22=0,1,IF(U22<0,0,IF(U22/T22>1.2,IF((U22/T22-1.2)*0.1+1.2>1.3,1.3,(U22/T22-1.2)*0.1+1.2),U22/T22)))) -> 1.2062568 | W22: 10 | X22: 2555.3 | Y22: 2408.7 | Z22: =IF(AA22=0,0,IF(X22=0,1,IF(Y22<0,0,IF(Y22/X22>1.2,IF((Y22/X22-1.2)*0.1+1.2>1.3,1.3,(Y22/X22-1.2)*0.1+1.2),Y22/X22)))) -> 0.94262905 | AA22: 10 | AB22: =(B22*C22+F22*G22+J22*K22+N22*O22+R22*S22+V22*W22+Z22*AA22)/(C22+G22+K22+O22+S22+W22+AA22) -> 1.0008275 | AC22: 42561 | AD22: =ROUND(AB22*AC22,1) -> 42596.2 | AE22: =AD22-AC22 -> 35.2 | AF22: 492.8 | AH22: =AD22-AF22-AG22 -> 42103.4 | AJ22: 3726 | AL22: 3726 | AM22: 3726 | AN22: 3658.7 | AO22: 3723.1 | AP22: 3633.2 | AQ22: 1908.3 | AR22: 2902.8 | AS22: 4510.6 | AT22: 4642.5 | AU22: 3665 | AV22: =ROUND(AH22-SUM(AI22:AU22),1) -> 2281.2 | BA22: =IF(AND(AV22>0,OR(AW22="+",AX22="+",AY22="+",AZ22="+")),0,AV22) -> 2281.2
A23: Большеглушицкий | B23: 1 | C23: 10 | D23: 8011 | E23: 8037 | F23: =IF(G23=0,0,IF(D23=0,1,IF(E23<0,0,IF(E23/D23>1.2,IF((E23/D23-1.2)*0.1+1.2>1.3,1.3,(E23/D23-1.2)*0.1+1.2),E23/D23)))) -> 1.0032455 | G23: 10 | H23: 200 | I23: 198.8 | J23: =IF(K23=0,0,IF(H23=0,1,IF(I23<0,0,IF(I23/H23>1.2,IF((I23/H23-1.2)*0.1+1.2>1.3,1.3,(I23/H23-1.2)*0.1+1.2),I23/H23)))) -> 0.994 | K23: 15 | L23: 4540 | M23: 7753 | N23: =IF(O23=0,0,IF(L23=0,1,IF(M23<0,0,IF(M23/L23>1.2,IF((M23/L23-1.2)*0.1+1.2>1.3,1.3,(M23/L23-1.2)*0.1+1.2),M23/L23)))) -> 1.2507709 | O23: 5 | P23: 152.2 | Q23: 147.5 | R23: =IF(S23=0,0,IF(P23=0,1,IF(Q23<0,0,IF(Q23/P23>1.2,IF((Q23/P23-1.2)*0.1+1.2>1.3,1.3,(Q23/P23-1.2)*0.1+1.2),Q23/P23)))) -> 0.96911958 | S23: 10 | T23: 16604.6 | U23: 7727.2 | V23: =IF(W23=0,0,IF(T23=0,1,IF(U23<0,0,IF(U23/T23>1.2,IF((U23/T23-1.2)*0.1+1.2>1.3,1.3,(U23/T23-1.2)*0.1+1.2),U23/T23)))) -> 0.46536502 | W23: 10 | X23: 3593 | Y23: 3223.8 | Z23: =IF(AA23=0,0,IF(X23=0,1,IF(Y23<0,0,IF(Y23/X23>1.2,IF((Y23/X23-1.2)*0.1+1.2>1.3,1.3,(Y23/X23-1.2)*0.1+1.2),Y23/X23)))) -> 0.89724464 | AA23: 10 | AB23: =(B23*C23+F23*G23+J23*K23+N23*O23+R23*S23+V23*W23+Z23*AA23)/(C23+G23+K23+O23+S23+W23+AA23) -> 0.92162289 | AC23: 64439 | AD23: =ROUND(AB23*AC23,1) -> 59388.5 | AE23: =AD23-AC23 -> -5050.5 | AF23: 1755.2 | AH23: =AD23-AF23-AG23 -> 57633.3 | AJ23: 4139.1 | AL23: 4139.1 | AM23: 4139.1 | AN23: 4206.9 | AO23: 4798.3 | AP23: 4003.5 | AQ23: 4042 | AR23: 3796.8 | AS23: 20180.8 | AT23: 5791.9 | AU23: 6099.3 | AV23: =ROUND(AH23-SUM(AI23:AU23),1) -> -7703.5 | BA23: =IF(AND(AV23>0,OR(AW23="+",AX23="+",AY23="+",AZ23="+")),0,AV23) -> -7703.5
A24: Большечерниговский | B24: 1 | C24: 10 | D24: 6013 | E24: 6525 | F24: =IF(G24=0,0,IF(D24=0,1,IF(E24<0,0,IF(E24/D24>1.2,IF((E24/D24-1.2)*0.1+1.2>1.3,1.3,(E24/D24-1.2)*0.1+1.2),E24/D24)))) -> 1.0851488 | G24: 10 | H24: 200 | I24: 186 | J24: =IF(K24=0,0,IF(H24=0,1,IF(I24<0,0,IF(I24/H24>1.2,IF((I24/H24-1.2)*0.1+1.2>1.3,1.3,(I24/H24-1.2)*0.1+1.2),I24/H24)))) -> 0.93 | K24: 15 | L24: 3311 | M24: 4102 | N24: =IF(O24=0,0,IF(L24=0,1,IF(M24<0,0,IF(M24/L24>1.2,IF((M24/L24-1.2)*0.1+1.2>1.3,1.3,(M24/L24-1.2)*0.1+1.2),M24/L24)))) -> 1.2038901 | O24: 5 | P24: 119.1 | Q24: 140.9 | R24: =IF(S24=0,0,IF(P24=0,1,IF(Q24<0,0,IF(Q24/P24>1.2,IF((Q24/P24-1.2)*0.1+1.2>1.3,1.3,(Q24/P24-1.2)*0.1+1.2),Q24/P24)))) -> 1.1830395 | S24: 10 | T24: 31582.7 | U24: 20483.3 | V24: =IF(W24=0,0,IF(T24=0,1,IF(U24<0,0,IF(U24/T24>1.2,IF((U24/T24-1.2)*0.1+1.2>1.3,1.3,(U24/T24-1.2)*0.1+1.2),U24/T24)))) -> 0.64856076 | W24: 10 | X24: 5846 | Y24: 5655.7 | Z24: =IF(AA24=0,0,IF(X24=0,1,IF(Y24<0,0,IF(Y24/X24>1.2,IF((Y24/X24-1.2)*0.1+1.2>1.3,1.3,(Y24/X24-1.2)*0.1+1.2),Y24/X24)))) -> 0.96744783 | AA24: 10 | AB24: =(B24*C24+F24*G24+J24*K24+N24*O24+R24*S24+V24*W24+Z24*AA24)/(C24+G24+K24+O24+S24+W24+AA24) -> 0.98302028 | AC24: 46603 | AD24: =ROUND(AB24*AC24,1) -> 45811.7 | AE24: =AD24-AC24 -> -791.3 | AH24: =AD24-AF24-AG24 -> 45811.7 | AJ24: 4070.8 | AL24: 4070.8 | AM24: 4070.9 | AN24: 3045 | AO24: 3728.6 | AP24: 3797.2 | AQ24: 5268.2 | AR24: 4577.3 | AS24: 5573.8 | AT24: 3964.5 | AU24: 4216.7 | AV24: =ROUND(AH24-SUM(AI24:AU24),1) -> -572.1 | BA24: =IF(AND(AV24>0,OR(AW24="+",AX24="+",AY24="+",AZ24="+")),0,AV24) -> -572.1
A25: Борский | B25: 1 | C25: 10 | D25: 8687 | E25: 9409 | F25: =IF(G25=0,0,IF(D25=0,1,IF(E25<0,0,IF(E25/D25>1.2,IF((E25/D25-1.2)*0.1+1.2>1.3,1.3,(E25/D25-1.2)*0.1+1.2),E25/D25)))) -> 1.0831127 | G25: 10 | H25: 200 | I25: 196 | J25: =IF(K25=0,0,IF(H25=0,1,IF(I25<0,0,IF(I25/H25>1.2,IF((I25/H25-1.2)*0.1+1.2>1.3,1.3,(I25/H25-1.2)*0.1+1.2),I25/H25)))) -> 0.98 | K25: 15 | L25: 10777 | M25: 11290 | N25: =IF(O25=0,0,IF(L25=0,1,IF(M25<0,0,IF(M25/L25>1.2,IF((M25/L25-1.2)*0.1+1.2>1.3,1.3,(M25/L25-1.2)*0.1+1.2),M25/L25)))) -> 1.0476014 | O25: 5 | P25: 79.4 | Q25: 98.1 | R25: =IF(S25=0,0,IF(P25=0,1,IF(Q25<0,0,IF(Q25/P25>1.2,IF((Q25/P25-1.2)*0.1+1.2>1.3,1.3,(Q25/P25-1.2)*0.1+1.2),Q25/P25)))) -> 1.2035516 | S25: 10 | T25: 12961 | U25: 11561 | V25: =IF(W25=0,0,IF(T25=0,1,IF(U25<0,0,IF(U25/T25>1.2,IF((U25/T25-1.2)*0.1+1.2>1.3,1.3,(U25/T25-1.2)*0.1+1.2),U25/T25)))) -> 0.89198364 | W25: 10 | X25: 2870.9 | Y25: 2927.5 | Z25: =IF(AA25=0,0,IF(X25=0,1,IF(Y25<0,0,IF(Y25/X25>1.2,IF((Y25/X25-1.2)*0.1+1.2>1.3,1.3,(Y25/X25-1.2)*0.1+1.2),Y25/X25)))) -> 1.0197151 | AA25: 10 | AB25: =(B25*C25+F25*G25+J25*K25+N25*O25+R25*S25+V25*W25+Z25*AA25)/(C25+G25+K25+O25+S25+W25+AA25) -> 1.027452 | AC25: 61585 | AD25: =ROUND(AB25*AC25,1) -> 63275.6 | AE25: =AD25-AC25 -> 1690.6 | AH25: =AD25-AF25-AG25 -> 63275.6 | AJ25: 5413.3 | AL25: 5413.2 | AM25: 5413.3 | AN25: 5216.1 | AO25: 6417.8 | AP25: 5574.7 | AQ25: 5600.4 | AR25: 5474.1 | AS25: 7280.4 | AT25: 5500.4 | AU25: 5730.3 | AV25: =ROUND(AH25-SUM(AI25:AU25),1) -> 241.6 | BA25: =IF(AND(AV25>0,OR(AW25="+",AX25="+",AY25="+",AZ25="+")),0,AV25) -> 241.6
A26: Волжский | B26: 1 | C26: 10 | D26: 78302 | E26: 86359 | F26: =IF(G26=0,0,IF(D26=0,1,IF(E26<0,0,IF(E26/D26>1.2,IF((E26/D26-1.2)*0.1+1.2>1.3,1.3,(E26/D26-1.2)*0.1+1.2),E26/D26)))) -> 1.1028965 | G26: 10 | H26: 200 | I26: 185 | J26: =IF(K26=0,0,IF(H26=0,1,IF(I26<0,0,IF(I26/H26>1.2,IF((I26/H26-1.2)*0.1+1.2>1.3,1.3,(I26/H26-1.2)*0.1+1.2),I26/H26)))) -> 0.925 | K26: 15 | L26: 220538 | M26: 357030 | N26: =IF(O26=0,0,IF(L26=0,1,IF(M26<0,0,IF(M26/L26>1.2,IF((M26/L26-1.2)*0.1+1.2>1.3,1.3,(M26/L26-1.2)*0.1+1.2),M26/L26)))) -> 1.2418905 | O26: 5 | P26: 94.9 | Q26: 129.9 | R26: =IF(S26=0,0,IF(P26=0,1,IF(Q26<0,0,IF(Q26/P26>1.2,IF((Q26/P26-1.2)*0.1+1.2>1.3,1.3,(Q26/P26-1.2)*0.1+1.2),Q26/P26)))) -> 1.2168809 | S26: 10 | T26: 15111.2 | U26: 13429.9 | V26: =IF(W26=0,0,IF(T26=0,1,IF(U26<0,0,IF(U26/T26>1.2,IF((U26/T26-1.2)*0.1+1.2>1.3,1.3,(U26/T26-1.2)*0.1+1.2),U26/T26)))) -> 0.88873815 | W26: 10 | X26: 4298.5 | Y26: 3400.5 | Z26: =IF(AA26=0,0,IF(X26=0,1,IF(Y26<0,0,IF(Y26/X26>1.2,IF((Y26/X26-1.2)*0.1+1.2>1.3,1.3,(Y26/X26-1.2)*0.1+1.2),Y26/X26)))) -> 0.79108992 | AA26: 10 | AB26: =(B26*C26+F26*G26+J26*K26+N26*O26+R26*S26+V26*W26+Z26*AA26)/(C26+G26+K26+O26+S26+W26+AA26) -> 1.0011501 | AC26: 103767 | AD26: =ROUND(AB26*AC26,1) -> 103886.3 | AE26: =AD26-AC26 -> 119.3 | AH26: =AD26-AF26-AG26 -> 103886.3 | AJ26: 8498.5 | AL26: 8498.6 | AM26: 9138.6 | AN26: 8573.7 | AO26: 10235.8 | AP26: 8989.2 | AQ26: 8260.8 | AR26: 6501.8 | AS26: 14789.6 | AT26: 10028.5 | AU26: 9595 | AV26: =ROUND(AH26-SUM(AI26:AU26),1) -> 776.2 | BA26: =IF(AND(AV26>0,OR(AW26="+",AX26="+",AY26="+",AZ26="+")),0,AV26) -> 776.2
A27: Елховский | B27: 1 | C27: 10 | D27: 4135 | E27: 4303 | F27: =IF(G27=0,0,IF(D27=0,1,IF(E27<0,0,IF(E27/D27>1.2,IF((E27/D27-1.2)*0.1+1.2>1.3,1.3,(E27/D27-1.2)*0.1+1.2),E27/D27)))) -> 1.0406288 | G27: 10 | H27: 200 | I27: 196 | J27: =IF(K27=0,0,IF(H27=0,1,IF(I27<0,0,IF(I27/H27>1.2,IF((I27/H27-1.2)*0.1+1.2>1.3,1.3,(I27/H27-1.2)*0.1+1.2),I27/H27)))) -> 0.98 | K27: 15 | L27: 2975 | M27: 3410 | N27: =IF(O27=0,0,IF(L27=0,1,IF(M27<0,0,IF(M27/L27>1.2,IF((M27/L27-1.2)*0.1+1.2>1.3,1.3,(M27/L27-1.2)*0.1+1.2),M27/L27)))) -> 1.1462185 | O27: 5 | P27: 75.3 | Q27: 86.2 | R27: =IF(S27=0,0,IF(P27=0,1,IF(Q27<0,0,IF(Q27/P27>1.2,IF((Q27/P27-1.2)*0.1+1.2>1.3,1.3,(Q27/P27-1.2)*0.1+1.2),Q27/P27)))) -> 1.1447543 | S27: 10 | T27: 6110.5 | U27: 6367.2 | V27: =IF(W27=0,0,IF(T27=0,1,IF(U27<0,0,IF(U27/T27>1.2,IF((U27/T27-1.2)*0.1+1.2>1.3,1.3,(U27/T27-1.2)*0.1+1.2),U27/T27)))) -> 1.0420097 | W27: 10 | X27: 969.4 | Y27: 939.9 | Z27: =IF(AA27=0,0,IF(X27=0,1,IF(Y27<0,0,IF(Y27/X27>1.2,IF((Y27/X27-1.2)*0.1+1.2>1.3,1.3,(Y27/X27-1.2)*0.1+1.2),Y27/X27)))) -> 0.96956881 | AA27: 10 | AB27: =(B27*C27+F27*G27+J27*K27+N27*O27+R27*S27+V27*W27+Z27*AA27)/(C27+G27+K27+O27+S27+W27+AA27) -> 1.0342958 | AC27: 25982 | AD27: =ROUND(AB27*AC27,1) -> 26873.1 | AE27: =AD27-AC27 -> 891.1 | AH27: =AD27-AF27-AG27 -> 26873.1 | AJ27: 2254.5 | AL27: 2254.6 | AM27: 2254.5 | AN27: 2004 | AO27: 2740.5 | AP27: 2301.7 | AQ27: 2169.7 | AR27: 2520.2 | AS27: 3304.3 | AT27: 2467.3 | AU27: 2427.1 | AV27: =ROUND(AH27-SUM(AI27:AU27),1) -> 174.7 | BA27: =IF(AND(AV27>0,OR(AW27="+",AX27="+",AY27="+",AZ27="+")),0,AV27) -> 174.7
A28: Исаклинский | B28: 1 | C28: 10 | D28: 4042 | E28: 4253 | F28: =IF(G28=0,0,IF(D28=0,1,IF(E28<0,0,IF(E28/D28>1.2,IF((E28/D28-1.2)*0.1+1.2>1.3,1.3,(E28/D28-1.2)*0.1+1.2),E28/D28)))) -> 1.0522019 | G28: 10 | H28: 200 | I28: 200 | J28: =IF(K28=0,0,IF(H28=0,1,IF(I28<0,0,IF(I28/H28>1.2,IF((I28/H28-1.2)*0.1+1.2>1.3,1.3,(I28/H28-1.2)*0.1+1.2),I28/H28)))) -> 1 | K28: 15 | L28: 5093 | M28: 4355 | N28: =IF(O28=0,0,IF(L28=0,1,IF(M28<0,0,IF(M28/L28>1.2,IF((M28/L28-1.2)*0.1+1.2>1.3,1.3,(M28/L28-1.2)*0.1+1.2),M28/L28)))) -> 0.85509523 | O28: 5 | P28: 54.6 | Q28: 63.4 | R28: =IF(S28=0,0,IF(P28=0,1,IF(Q28<0,0,IF(Q28/P28>1.2,IF((Q28/P28-1.2)*0.1+1.2>1.3,1.3,(Q28/P28-1.2)*0.1+1.2),Q28/P28)))) -> 1.1611722 | S28: 10 | T28: 23602.8 | U28: 23105.6 | V28: =IF(W28=0,0,IF(T28=0,1,IF(U28<0,0,IF(U28/T28>1.2,IF((U28/T28-1.2)*0.1+1.2>1.3,1.3,(U28/T28-1.2)*0.1+1.2),U28/T28)))) -> 0.9789347 | W28: 10 | X28: 3131.1 | Y28: 3299.6 | Z28: =IF(AA28=0,0,IF(X28=0,1,IF(Y28<0,0,IF(Y28/X28>1.2,IF((Y28/X28-1.2)*0.1+1.2>1.3,1.3,(Y28/X28-1.2)*0.1+1.2),Y28/X28)))) -> 1.053815 | AA28: 10 | AB28: =(B28*C28+F28*G28+J28*K28+N28*O28+R28*S28+V28*W28+Z28*AA28)/(C28+G28+K28+O28+S28+W28+AA28) -> 1.0248102 | AC28: 48745 | AD28: =ROUND(AB28*AC28,1) -> 49954.4 | AE28: =AD28-AC28 -> 1209.4 | AF28: 2148.3 | AH28: =AD28-AF28-AG28 -> 47806.1 | AJ28: 4210.2 | AL28: 4210.2 | AM28: 4210.1 | AN28: 4268.8 | AO28: 2837.6 | AP28: 3603.7 | AQ28: 4466 | AR28: 3629.3 | AS28: 5674.1 | AT28: 5828.9 | AU28: 4508.7 | AV28: =ROUND(AH28-SUM(AI28:AU28),1) -> 358.5 | BA28: =IF(AND(AV28>0,OR(AW28="+",AX28="+",AY28="+",AZ28="+")),0,AV28) -> 358.5
A29: Камышлинский | B29: 1 | C29: 10 | D29: 3771 | E29: 3794 | F29: =IF(G29=0,0,IF(D29=0,1,IF(E29<0,0,IF(E29/D29>1.2,IF((E29/D29-1.2)*0.1+1.2>1.3,1.3,(E29/D29-1.2)*0.1+1.2),E29/D29)))) -> 1.0060992 | G29: 10 | H29: 200 | I29: 183 | J29: =IF(K29=0,0,IF(H29=0,1,IF(I29<0,0,IF(I29/H29>1.2,IF((I29/H29-1.2)*0.1+1.2>1.3,1.3,(I29/H29-1.2)*0.1+1.2),I29/H29)))) -> 0.915 | K29: 15 | L29: 3080 | M29: 1799 | N29: =IF(O29=0,0,IF(L29=0,1,IF(M29<0,0,IF(M29/L29>1.2,IF((M29/L29-1.2)*0.1+1.2>1.3,1.3,(M29/L29-1.2)*0.1+1.2),M29/L29)))) -> 0.58409091 | O29: 5 | P29: 35.2 | Q29: 32.2 | R29: =IF(S29=0,0,IF(P29=0,1,IF(Q29<0,0,IF(Q29/P29>1.2,IF((Q29/P29-1.2)*0.1+1.2>1.3,1.3,(Q29/P29-1.2)*0.1+1.2),Q29/P29)))) -> 0.91477273 | S29: 10 | T29: 4268.7 | U29: 3402.7 | V29: =IF(W29=0,0,IF(T29=0,1,IF(U29<0,0,IF(U29/T29>1.2,IF((U29/T29-1.2)*0.1+1.2>1.3,1.3,(U29/T29-1.2)*0.1+1.2),U29/T29)))) -> 0.79712793 | W29: 10 | X29: 1694.6 | Y29: 1149 | Z29: =IF(AA29=0,0,IF(X29=0,1,IF(Y29<0,0,IF(Y29/X29>1.2,IF((Y29/X29-1.2)*0.1+1.2>1.3,1.3,(Y29/X29-1.2)*0.1+1.2),Y29/X29)))) -> 0.67803611 | AA29: 10 | AB29: =(B29*C29+F29*G29+J29*K29+N29*O29+R29*S29+V29*W29+Z29*AA29)/(C29+G29+K29+O29+S29+W29+AA29) -> 0.86579734 | AC29: 38290 | AD29: =ROUND(AB29*AC29,1) -> 33151.4 | AE29: =AD29-AC29 -> -5138.6 | AF29: 319.7 | AH29: =AD29-AF29-AG29 -> 32831.7 | AJ29: 2901.3 | AL29: 2901.2 | AM29: 2901.3 | AN29: 3123.3 | AO29: 2316.1 | AP29: 2777.3 | AQ29: 2713.8 | AR29: 1411.8 | AS29: 7386.6 | AT29: 2517.9 | AU29: 3127 | AV29: =ROUND(AH29-SUM(AI29:AU29),1) -> -1245.9 | BA29: =IF(AND(AV29>0,OR(AW29="+",AX29="+",AY29="+",AZ29="+")),0,AV29) -> -1245.9
A30: Кинельский | B30: 1 | C30: 10 | D30: 11849 | E30: 12730 | F30: =IF(G30=0,0,IF(D30=0,1,IF(E30<0,0,IF(E30/D30>1.2,IF((E30/D30-1.2)*0.1+1.2>1.3,1.3,(E30/D30-1.2)*0.1+1.2),E30/D30)))) -> 1.0743523 | G30: 10 | H30: 200 | I30: 200 | J30: =IF(K30=0,0,IF(H30=0,1,IF(I30<0,0,IF(I30/H30>1.2,IF((I30/H30-1.2)*0.1+1.2>1.3,1.3,(I30/H30-1.2)*0.1+1.2),I30/H30)))) -> 1 | K30: 15 | L30: 29912 | M30: 49750 | N30: =IF(O30=0,0,IF(L30=0,1,IF(M30<0,0,IF(M30/L30>1.2,IF((M30/L30-1.2)*0.1+1.2>1.3,1.3,(M30/L30-1.2)*0.1+1.2),M30/L30)))) -> 1.2463212 | O30: 5 | P30: 117.8 | Q30: 120 | R30: =IF(S30=0,0,IF(P30=0,1,IF(Q30<0,0,IF(Q30/P30>1.2,IF((Q30/P30-1.2)*0.1+1.2>1.3,1.3,(Q30/P30-1.2)*0.1+1.2),Q30/P30)))) -> 1.0186757 | S30: 10 | T30: 28333.9 | U30: 34760.6 | V30: =IF(W30=0,0,IF(T30=0,1,IF(U30<0,0,IF(U30/T30>1.2,IF((U30/T30-1.2)*0.1+1.2>1.3,1.3,(U30/T30-1.2)*0.1+1.2),U30/T30)))) -> 1.202682 | W30: 10 | X30: 12070.7 | Y30: 19078.7 | Z30: =IF(AA30=0,0,IF(X30=0,1,IF(Y30<0,0,IF(Y30/X30>1.2,IF((Y30/X30-1.2)*0.1+1.2>1.3,1.3,(Y30/X30-1.2)*0.1+1.2),Y30/X30)))) -> 1.2380579 | AA30: 10 | AB30: =(B30*C30+F30*G30+J30*K30+N30*O30+R30*S30+V30*W30+Z30*AA30)/(C30+G30+K30+O30+S30+W30+AA30) -> 1.0938469 | AC30: 37103 | AD30: =ROUND(AB30*AC30,1) -> 40585 | AE30: =AD30-AC30 -> 3482 | AF30: 166.7 | AH30: =AD30-AF30-AG30 -> 40418.3 | AJ30: 3241 | AL30: 3241 | AM30: 3241 | AN30: 3241 | AO30: 3801.3 | AP30: 3326.3 | AQ30: 3361.8 | AR30: 3331.4 | AS30: 4564.9 | AT30: 3557.3 | AU30: 3507.3 | AV30: =ROUND(AH30-SUM(AI30:AU30),1) -> 2004 | BA30: =IF(AND(AV30>0,OR(AW30="+",AX30="+",AY30="+",AZ30="+")),0,AV30) -> 2004
A31: Кинель-Черкасский | B31: 1 | C31: 10 | D31: 20238 | E31: 21554 | F31: =IF(G31=0,0,IF(D31=0,1,IF(E31<0,0,IF(E31/D31>1.2,IF((E31/D31-1.2)*0.1+1.2>1.3,1.3,(E31/D31-1.2)*0.1+1.2),E31/D31)))) -> 1.0650262 | G31: 10 | H31: 200 | I31: 198 | J31: =IF(K31=0,0,IF(H31=0,1,IF(I31<0,0,IF(I31/H31>1.2,IF((I31/H31-1.2)*0.1+1.2>1.3,1.3,(I31/H31-1.2)*0.1+1.2),I31/H31)))) -> 0.99 | K31: 15 | L31: 21936 | M31: 16806 | N31: =IF(O31=0,0,IF(L31=0,1,IF(M31<0,0,IF(M31/L31>1.2,IF((M31/L31-1.2)*0.1+1.2>1.3,1.3,(M31/L31-1.2)*0.1+1.2),M31/L31)))) -> 0.76613786 | O31: 5 | P31: 161.1 | Q31: 167.3 | R31: =IF(S31=0,0,IF(P31=0,1,IF(Q31<0,0,IF(Q31/P31>1.2,IF((Q31/P31-1.2)*0.1+1.2>1.3,1.3,(Q31/P31-1.2)*0.1+1.2),Q31/P31)))) -> 1.0384854 | S31: 10 | T31: 12062.1 | U31: 10884.3 | V31: =IF(W31=0,0,IF(T31=0,1,IF(U31<0,0,IF(U31/T31>1.2,IF((U31/T31-1.2)*0.1+1.2>1.3,1.3,(U31/T31-1.2)*0.1+1.2),U31/T31)))) -> 0.90235531 | W31: 10 | X31: 40657.5 | Y31: 56194.9 | Z31: =IF(AA31=0,0,IF(X31=0,1,IF(Y31<0,0,IF(Y31/X31>1.2,IF((Y31/X31-1.2)*0.1+1.2>1.3,1.3,(Y31/X31-1.2)*0.1+1.2),Y31/X31)))) -> 1.2182153 | AA31: 10 | AB31: =(B31*C31+F31*G31+J31*K31+N31*O31+R31*S31+V31*W31+Z31*AA31)/(C31+G31+K31+O31+S31+W31+AA31) -> 1.0131645 | AC31: 83659 | AD31: =ROUND(AB31*AC31,1) -> 84760.3 | AE31: =AD31-AC31 -> 1101.3 | AH31: =AD31-AF31-AG31 -> 84760.3 | AJ31: 7267.3 | AL31: 7267.2 | AM31: 7267.3 | AN31: 7148.3 | AO31: 8122.6 | AP31: 7414.5 | AQ31: 5889.4 | AR31: 7104.3 | AS31: 10193.5 | AT31: 6752.3 | AU31: 7442.7 | AV31: =ROUND(AH31-SUM(AI31:AU31),1) -> 2890.9 | BA31: =IF(AND(AV31>0,OR(AW31="+",AX31="+",AY31="+",AZ31="+")),0,AV31) -> 2890.9
A32: Клявлинский | B32: 1 | C32: 10 | D32: 5085 | E32: 5478 | F32: =IF(G32=0,0,IF(D32=0,1,IF(E32<0,0,IF(E32/D32>1.2,IF((E32/D32-1.2)*0.1+1.2>1.3,1.3,(E32/D32-1.2)*0.1+1.2),E32/D32)))) -> 1.0772861 | G32: 10 | H32: 200 | I32: 198 | J32: =IF(K32=0,0,IF(H32=0,1,IF(I32<0,0,IF(I32/H32>1.2,IF((I32/H32-1.2)*0.1+1.2>1.3,1.3,(I32/H32-1.2)*0.1+1.2),I32/H32)))) -> 0.99 | K32: 15 | L32: 4202 | M32: 2260 | N32: =IF(O32=0,0,IF(L32=0,1,IF(M32<0,0,IF(M32/L32>1.2,IF((M32/L32-1.2)*0.1+1.2>1.3,1.3,(M32/L32-1.2)*0.1+1.2),M32/L32)))) -> 0.53783912 | O32: 5 | P32: 44 | Q32: 30.9 | R32: =IF(S32=0,0,IF(P32=0,1,IF(Q32<0,0,IF(Q32/P32>1.2,IF((Q32/P32-1.2)*0.1+1.2>1.3,1.3,(Q32/P32-1.2)*0.1+1.2),Q32/P32)))) -> 0.70227273 | S32: 10 | T32: 7034.7 | U32: 18797.1 | V32: =IF(W32=0,0,IF(T32=0,1,IF(U32<0,0,IF(U32/T32>1.2,IF((U32/T32-1.2)*0.1+1.2>1.3,1.3,(U32/T32-1.2)*0.1+1.2),U32/T32)))) -> 1.3 | W32: 10 | X32: 1352.5 | Y32: 1274.4 | Z32: =IF(AA32=0,0,IF(X32=0,1,IF(Y32<0,0,IF(Y32/X32>1.2,IF((Y32/X32-1.2)*0.1+1.2>1.3,1.3,(Y32/X32-1.2)*0.1+1.2),Y32/X32)))) -> 0.94225508 | AA32: 10 | AB32: =(B32*C32+F32*G32+J32*K32+N32*O32+R32*S32+V32*W32+Z32*AA32)/(C32+G32+K32+O32+S32+W32+AA32) -> 0.96796193 | AC32: 63303 | AD32: =ROUND(AB32*AC32,1) -> 61274.9 | AE32: =AD32-AC32 -> -2028.1 | AF32: 1870.2 | AH32: =AD32-AF32-AG32 -> 59404.7 | AI32: 7282.6 | AJ32: 0 | AL32: 0 | AM32: 2648.2 | AN32: 3383.6 | AO32: 1363.1 | AP32: 2636.1 | AQ32: 3645.9 | AR32: 2525.8 | AS32: 23502.9 | AT32: 3983.9 | AU32: 5284.3 | AV32: =ROUND(AH32-SUM(AI32:AU32),1) -> 3148.3 | BA32: =IF(AND(AV32>0,OR(AW32="+",AX32="+",AY32="+",AZ32="+")),0,AV32) -> 3148.3
A33: Кошкинский | B33: 1 | C33: 10 | D33: 14020 | E33: 14507 | F33: =IF(G33=0,0,IF(D33=0,1,IF(E33<0,0,IF(E33/D33>1.2,IF((E33/D33-1.2)*0.1+1.2>1.3,1.3,(E33/D33-1.2)*0.1+1.2),E33/D33)))) -> 1.0347361 | G33: 10 | H33: 200 | I33: 193 | J33: =IF(K33=0,0,IF(H33=0,1,IF(I33<0,0,IF(I33/H33>1.2,IF((I33/H33-1.2)*0.1+1.2>1.3,1.3,(I33/H33-1.2)*0.1+1.2),I33/H33)))) -> 0.965 | K33: 15 | L33: 6321 | M33: 5494 | N33: =IF(O33=0,0,IF(L33=0,1,IF(M33<0,0,IF(M33/L33>1.2,IF((M33/L33-1.2)*0.1+1.2>1.3,1.3,(M33/L33-1.2)*0.1+1.2),M33/L33)))) -> 0.86916627 | O33: 5 | P33: 155.9 | Q33: 153.4 | R33: =IF(S33=0,0,IF(P33=0,1,IF(Q33<0,0,IF(Q33/P33>1.2,IF((Q33/P33-1.2)*0.1+1.2>1.3,1.3,(Q33/P33-1.2)*0.1+1.2),Q33/P33)))) -> 0.98396408 | S33: 10 | T33: 28394.6 | U33: 27214.5 | V33: =IF(W33=0,0,IF(T33=0,1,IF(U33<0,0,IF(U33/T33>1.2,IF((U33/T33-1.2)*0.1+1.2>1.3,1.3,(U33/T33-1.2)*0.1+1.2),U33/T33)))) -> 0.95843928 | W33: 10 | X33: 4110.6 | Y33: 3385.4 | Z33: =IF(AA33=0,0,IF(X33=0,1,IF(Y33<0,0,IF(Y33/X33>1.2,IF((Y33/X33-1.2)*0.1+1.2>1.3,1.3,(Y33/X33-1.2)*0.1+1.2),Y33/X33)))) -> 0.82357807 | AA33: 10 | AB33: =(B33*C33+F33*G33+J33*K33+N33*O33+R33*S33+V33*W33+Z33*AA33)/(C33+G33+K33+O33+S33+W33+AA33) -> 0.95468581 | AC33: 54980 | AD33: =ROUND(AB33*AC33,1) -> 52488.6 | AE33: =AD33-AC33 -> -2491.4 | AF33: 173 | AH33: =AD33-AF33-AG33 -> 52315.6 | AJ33: 4806.3 | AL33: 4806.2 | AM33: 4806.3 | AN33: 3699.5 | AO33: 5635.4 | AP33: 4723 | AQ33: 4612 | AR33: 5878.9 | AS33: 6610.3 | AT33: 3894 | AU33: 4964.5 | AV33: =ROUND(AH33-SUM(AI33:AU33),1) -> -2120.8 | BA33: =IF(AND(AV33>0,OR(AW33="+",AX33="+",AY33="+",AZ33="+")),0,AV33) -> -2120.8
A34: Красноармейский | B34: 1 | C34: 10 | D34: 5718 | E34: 5999 | F34: =IF(G34=0,0,IF(D34=0,1,IF(E34<0,0,IF(E34/D34>1.2,IF((E34/D34-1.2)*0.1+1.2>1.3,1.3,(E34/D34-1.2)*0.1+1.2),E34/D34)))) -> 1.0491431 | G34: 10 | H34: 200 | I34: 199 | J34: =IF(K34=0,0,IF(H34=0,1,IF(I34<0,0,IF(I34/H34>1.2,IF((I34/H34-1.2)*0.1+1.2>1.3,1.3,(I34/H34-1.2)*0.1+1.2),I34/H34)))) -> 0.995 | K34: 15 | L34: 5148 | M34: 8284 | N34: =IF(O34=0,0,IF(L34=0,1,IF(M34<0,0,IF(M34/L34>1.2,IF((M34/L34-1.2)*0.1+1.2>1.3,1.3,(M34/L34-1.2)*0.1+1.2),M34/L34)))) -> 1.2409169 | O34: 5 | P34: 145.8 | Q34: 134.2 | R34: =IF(S34=0,0,IF(P34=0,1,IF(Q34<0,0,IF(Q34/P34>1.2,IF((Q34/P34-1.2)*0.1+1.2>1.3,1.3,(Q34/P34-1.2)*0.1+1.2),Q34/P34)))) -> 0.92043896 | S34: 10 | T34: 20808 | U34: 14402.5 | V34: =IF(W34=0,0,IF(T34=0,1,IF(U34<0,0,IF(U34/T34>1.2,IF((U34/T34-1.2)*0.1+1.2>1.3,1.3,(U34/T34-1.2)*0.1+1.2),U34/T34)))) -> 0.69216167 | W34: 10 | X34: 13146.2 | Y34: 9068.7 | Z34: =IF(AA34=0,0,IF(X34=0,1,IF(Y34<0,0,IF(Y34/X34>1.2,IF((Y34/X34-1.2)*0.1+1.2>1.3,1.3,(Y34/X34-1.2)*0.1+1.2),Y34/X34)))) -> 0.68983432 | AA34: 10 | AB34: =(B34*C34+F34*G34+J34*K34+N34*O34+R34*S34+V34*W34+Z34*AA34)/(C34+G34+K34+O34+S34+W34+AA34) -> 0.92350521 | AC34: 50406 | AD34: =ROUND(AB34*AC34,1) -> 46550.2 | AE34: =AD34-AC34 -> -3855.8 | AF34: 1451.2 | AH34: =AD34-AF34-AG34 -> 45099 | AJ34: 4436.8 | AL34: 4436.8 | AM34: 4436.9 | AN34: 4433.5 | AO34: 4983.8 | AP34: 4313.3 | AQ34: 4627.9 | AR34: 4274.9 | AS34: 5717.4 | AT34: 4558.5 | AU34: 4767.2 | AV34: =ROUND(AH34-SUM(AI34:AU34),1) -> -5888 | BA34: =IF(AND(AV34>0,OR(AW34="+",AX34="+",AY34="+",AZ34="+")),0,AV34) -> -5888
A35: Красноярский | B35: 1 | C35: 10 | D35: 43066 | E35: 45603 | F35: =IF(G35=0,0,IF(D35=0,1,IF(E35<0,0,IF(E35/D35>1.2,IF((E35/D35-1.2)*0.1+1.2>1.3,1.3,(E35/D35-1.2)*0.1+1.2),E35/D35)))) -> 1.0589096 | G35: 10 | H35: 200 | I35: 195 | J35: =IF(K35=0,0,IF(H35=0,1,IF(I35<0,0,IF(I35/H35>1.2,IF((I35/H35-1.2)*0.1+1.2>1.3,1.3,(I35/H35-1.2)*0.1+1.2),I35/H35)))) -> 0.975 | K35: 15 | L35: 99238 | M35: 189410 | N35: =IF(O35=0,0,IF(L35=0,1,IF(M35<0,0,IF(M35/L35>1.2,IF((M35/L35-1.2)*0.1+1.2>1.3,1.3,(M35/L35-1.2)*0.1+1.2),M35/L35)))) -> 1.2708644 | O35: 5 | P35: 80.3 | Q35: 77.2 | R35: =IF(S35=0,0,IF(P35=0,1,IF(Q35<0,0,IF(Q35/P35>1.2,IF((Q35/P35-1.2)*0.1+1.2>1.3,1.3,(Q35/P35-1.2)*0.1+1.2),Q35/P35)))) -> 0.96139477 | S35: 10 | T35: 18437 | U35: 18170.5 | V35: =IF(W35=0,0,IF(T35=0,1,IF(U35<0,0,IF(U35/T35>1.2,IF((U35/T35-1.2)*0.1+1.2>1.3,1.3,(U35/T35-1.2)*0.1+1.2),U35/T35)))) -> 0.98554537 | W35: 10 | X35: 4230 | Y35: 4198.9 | Z35: =IF(AA35=0,0,IF(X35=0,1,IF(Y35<0,0,IF(Y35/X35>1.2,IF((Y35/X35-1.2)*0.1+1.2>1.3,1.3,(Y35/X35-1.2)*0.1+1.2),Y35/X35)))) -> 0.99264775 | AA35: 10 | AB35: =(B35*C35+F35*G35+J35*K35+N35*O35+R35*S35+V35*W35+Z35*AA35)/(C35+G35+K35+O35+S35+W35+AA35) -> 1.0137757 | AC35: 68706 | AD35: =ROUND(AB35*AC35,1) -> 69652.5 | AE35: =AD35-AC35 -> 946.5 | AF35: 1673.8 | AH35: =AD35-AF35-AG35 -> 67978.7 | AJ35: 5909.5 | AL35: 5909.4 | AM35: 5909.5 | AN35: 5222.7 | AO35: 7023.4 | AP35: 5727.1 | AQ35: 5575.2 | AR35: 6259 | AS35: 8906 | AT35: 6464.3 | AU35: 6458 | AV35: =ROUND(AH35-SUM(AI35:AU35),1) -> -1385.4 | BA35: =IF(AND(AV35>0,OR(AW35="+",AX35="+",AY35="+",AZ35="+")),0,AV35) -> -1385.4
A36: Нефтегорский | B36: 1 | C36: 10 | D36: 18497 | E36: 19783 | F36: =IF(G36=0,0,IF(D36=0,1,IF(E36<0,0,IF(E36/D36>1.2,IF((E36/D36-1.2)*0.1+1.2>1.3,1.3,(E36/D36-1.2)*0.1+1.2),E36/D36)))) -> 1.0695248 | G36: 10 | H36: 200 | I36: 200 | J36: =IF(K36=0,0,IF(H36=0,1,IF(I36<0,0,IF(I36/H36>1.2,IF((I36/H36-1.2)*0.1+1.2>1.3,1.3,(I36/H36-1.2)*0.1+1.2),I36/H36)))) -> 1 | K36: 15 | L36: 8338 | M36: 8291 | N36: =IF(O36=0,0,IF(L36=0,1,IF(M36<0,0,IF(M36/L36>1.2,IF((M36/L36-1.2)*0.1+1.2>1.3,1.3,(M36/L36-1.2)*0.1+1.2),M36/L36)))) -> 0.99436316 | O36: 5 | P36: 92.7 | Q36: 102.4 | R36: =IF(S36=0,0,IF(P36=0,1,IF(Q36<0,0,IF(Q36/P36>1.2,IF((Q36/P36-1.2)*0.1+1.2>1.3,1.3,(Q36/P36-1.2)*0.1+1.2),Q36/P36)))) -> 1.1046386 | S36: 10 | T36: 9508.7 | U36: 7780.5 | V36: =IF(W36=0,0,IF(T36=0,1,IF(U36<0,0,IF(U36/T36>1.2,IF((U36/T36-1.2)*0.1+1.2>1.3,1.3,(U36/T36-1.2)*0.1+1.2),U36/T36)))) -> 0.81825065 | W36: 10 | X36: 2990 | Y36: 2879.1 | Z36: =IF(AA36=0,0,IF(X36=0,1,IF(Y36<0,0,IF(Y36/X36>1.2,IF((Y36/X36-1.2)*0.1+1.2>1.3,1.3,(Y36/X36-1.2)*0.1+1.2),Y36/X36)))) -> 0.9629097 | AA36: 10 | AB36: =(B36*C36+F36*G36+J36*K36+N36*O36+R36*S36+V36*W36+Z36*AA36)/(C36+G36+K36+O36+S36+W36+AA36) -> 0.99321505 | AC36: 58862 | AD36: =ROUND(AB36*AC36,1) -> 58462.6 | AE36: =AD36-AC36 -> -399.4 | AH36: =AD36-AF36-AG36 -> 58462.6 | AJ36: 5150.3 | AL36: 5150.2 | AM36: 5150.3 | AN36: 4938.2 | AO36: 5907.6 | AP36: 5259.2 | AQ36: 5250.7 | AR36: 5611.6 | AS36: 7162.9 | AT36: 4195.2 | AU36: 5377.7 | AV36: =ROUND(AH36-SUM(AI36:AU36),1) -> -691.3 | BA36: =IF(AND(AV36>0,OR(AW36="+",AX36="+",AY36="+",AZ36="+")),0,AV36) -> -691.3
A37: Пестравский | B37: 1 | C37: 10 | D37: 6233 | E37: 7070 | F37: =IF(G37=0,0,IF(D37=0,1,IF(E37<0,0,IF(E37/D37>1.2,IF((E37/D37-1.2)*0.1+1.2>1.3,1.3,(E37/D37-1.2)*0.1+1.2),E37/D37)))) -> 1.1342853 | G37: 10 | H37: 200 | I37: 190 | J37: =IF(K37=0,0,IF(H37=0,1,IF(I37<0,0,IF(I37/H37>1.2,IF((I37/H37-1.2)*0.1+1.2>1.3,1.3,(I37/H37-1.2)*0.1+1.2),I37/H37)))) -> 0.95 | K37: 15 | L37: 3226 | M37: 3257 | N37: =IF(O37=0,0,IF(L37=0,1,IF(M37<0,0,IF(M37/L37>1.2,IF((M37/L37-1.2)*0.1+1.2>1.3,1.3,(M37/L37-1.2)*0.1+1.2),M37/L37)))) -> 1.0096094 | O37: 5 | P37: 139.9 | Q37: 99.5 | R37: =IF(S37=0,0,IF(P37=0,1,IF(Q37<0,0,IF(Q37/P37>1.2,IF((Q37/P37-1.2)*0.1+1.2>1.3,1.3,(Q37/P37-1.2)*0.1+1.2),Q37/P37)))) -> 0.7112223 | S37: 10 | T37: 7727 | U37: 5920.3 | V37: =IF(W37=0,0,IF(T37=0,1,IF(U37<0,0,IF(U37/T37>1.2,IF((U37/T37-1.2)*0.1+1.2>1.3,1.3,(U37/T37-1.2)*0.1+1.2),U37/T37)))) -> 0.76618351 | W37: 10 | X37: 2637.5 | Y37: 1154.7 | Z37: =IF(AA37=0,0,IF(X37=0,1,IF(Y37<0,0,IF(Y37/X37>1.2,IF((Y37/X37-1.2)*0.1+1.2>1.3,1.3,(Y37/X37-1.2)*0.1+1.2),Y37/X37)))) -> 0.43780095 | AA37: 10 | AB37: =(B37*C37+F37*G37+J37*K37+N37*O37+R37*S37+V37*W37+Z37*AA37)/(C37+G37+K37+O37+S37+W37+AA37) -> 0.85418525 | AC37: 32902 | AD37: =ROUND(AB37*AC37,1) -> 28104.4 | AE37: =AD37-AC37 -> -4797.6 | AF37: 1409.5 | AH37: =AD37-AF37-AG37 -> 26694.9 | AJ37: 2862.3 | AL37: 2862.2 | AM37: 2862.3 | AN37: 774.7 | AO37: 3079.6 | AP37: 2262.7 | AQ37: 2138.4 | AR37: 5151.8 | AS37: 3778.9 | AT37: 2496.1 | AU37: 2967.9 | AV37: =ROUND(AH37-SUM(AI37:AU37),1) -> -4542 | BA37: =IF(AND(AV37>0,OR(AW37="+",AX37="+",AY37="+",AZ37="+")),0,AV37) -> -4542
A38: Похвистневский | B38: 1 | C38: 10 | D38: 6800 | E38: 6892 | F38: =IF(G38=0,0,IF(D38=0,1,IF(E38<0,0,IF(E38/D38>1.2,IF((E38/D38-1.2)*0.1+1.2>1.3,1.3,(E38/D38-1.2)*0.1+1.2),E38/D38)))) -> 1.0135294 | G38: 10 | H38: 200 | I38: 191 | J38: =IF(K38=0,0,IF(H38=0,1,IF(I38<0,0,IF(I38/H38>1.2,IF((I38/H38-1.2)*0.1+1.2>1.3,1.3,(I38/H38-1.2)*0.1+1.2),I38/H38)))) -> 0.955 | K38: 15 | L38: 17718 | M38: 8130 | N38: =IF(O38=0,0,IF(L38=0,1,IF(M38<0,0,IF(M38/L38>1.2,IF((M38/L38-1.2)*0.1+1.2>1.3,1.3,(M38/L38-1.2)*0.1+1.2),M38/L38)))) -> 0.4588554 | O38: 5 | P38: 100.1 | Q38: 102.7 | R38: =IF(S38=0,0,IF(P38=0,1,IF(Q38<0,0,IF(Q38/P38>1.2,IF((Q38/P38-1.2)*0.1+1.2>1.3,1.3,(Q38/P38-1.2)*0.1+1.2),Q38/P38)))) -> 1.025974 | S38: 10 | T38: 20394 | U38: 18935.4 | V38: =IF(W38=0,0,IF(T38=0,1,IF(U38<0,0,IF(U38/T38>1.2,IF((U38/T38-1.2)*0.1+1.2>1.3,1.3,(U38/T38-1.2)*0.1+1.2),U38/T38)))) -> 0.92847896 | W38: 10 | X38: 2575.5 | Y38: 2764.8 | Z38: =IF(AA38=0,0,IF(X38=0,1,IF(Y38<0,0,IF(Y38/X38>1.2,IF((Y38/X38-1.2)*0.1+1.2>1.3,1.3,(Y38/X38-1.2)*0.1+1.2),Y38/X38)))) -> 1.0735003 | AA38: 10 | AB38: =(B38*C38+F38*G38+J38*K38+N38*O38+R38*S38+V38*W38+Z38*AA38)/(C38+G38+K38+O38+S38+W38+AA38) -> 0.95763006 | AC38: 78660 | AD38: =ROUND(AB38*AC38,1) -> 75327.2 | AE38: =AD38-AC38 -> -3332.8 | AF38: 2749.8 | AH38: =AD38-AF38-AG38 -> 72577.4 | AJ38: 6704.1 | AL38: 6704.1 | AM38: 6704.1 | AN38: 6392.5 | AO38: 3533.8 | AP38: 5567.7 | AQ38: 5790.2 | AR38: 4912.3 | AS38: 9150.7 | AT38: 5516 | AU38: 6372.6 | AV38: =ROUND(AH38-SUM(AI38:AU38),1) -> 5229.3 | BA38: =IF(AND(AV38>0,OR(AW38="+",AX38="+",AY38="+",AZ38="+")),0,AV38) -> 5229.3
A39: Приволжский | B39: 1 | C39: 10 | D39: 8776 | E39: 9214 | F39: =IF(G39=0,0,IF(D39=0,1,IF(E39<0,0,IF(E39/D39>1.2,IF((E39/D39-1.2)*0.1+1.2>1.3,1.3,(E39/D39-1.2)*0.1+1.2),E39/D39)))) -> 1.0499088 | G39: 10 | H39: 200 | I39: 200 | J39: =IF(K39=0,0,IF(H39=0,1,IF(I39<0,0,IF(I39/H39>1.2,IF((I39/H39-1.2)*0.1+1.2>1.3,1.3,(I39/H39-1.2)*0.1+1.2),I39/H39)))) -> 1 | K39: 15 | L39: 5812 | M39: 5412 | N39: =IF(O39=0,0,IF(L39=0,1,IF(M39<0,0,IF(M39/L39>1.2,IF((M39/L39-1.2)*0.1+1.2>1.3,1.3,(M39/L39-1.2)*0.1+1.2),M39/L39)))) -> 0.93117688 | O39: 5 | P39: 92.1 | Q39: 104 | R39: =IF(S39=0,0,IF(P39=0,1,IF(Q39<0,0,IF(Q39/P39>1.2,IF((Q39/P39-1.2)*0.1+1.2>1.3,1.3,(Q39/P39-1.2)*0.1+1.2),Q39/P39)))) -> 1.1292074 | S39: 10 | T39: 10125.8 | U39: 10126 | V39: =IF(W39=0,0,IF(T39=0,1,IF(U39<0,0,IF(U39/T39>1.2,IF((U39/T39-1.2)*0.1+1.2>1.3,1.3,(U39/T39-1.2)*0.1+1.2),U39/T39)))) -> 1.0000198 | W39: 10 | X39: 2550 | Y39: 2550 | Z39: =IF(AA39=0,0,IF(X39=0,1,IF(Y39<0,0,IF(Y39/X39>1.2,IF((Y39/X39-1.2)*0.1+1.2>1.3,1.3,(Y39/X39-1.2)*0.1+1.2),Y39/X39)))) -> 1 | AA39: 10 | AB39: =(B39*C39+F39*G39+J39*K39+N39*O39+R39*S39+V39*W39+Z39*AA39)/(C39+G39+K39+O39+S39+W39+AA39) -> 1.0206749 | AC39: 61431 | AD39: =ROUND(AB39*AC39,1) -> 62701.1 | AE39: =AD39-AC39 -> 1270.1 | AH39: =AD39-AF39-AG39 -> 62701.1 | AJ39: 5273.3 | AL39: 5273.2 | AM39: 5273.3 | AN39: 5448.5 | AO39: 5407.7 | AP39: 5335.1 | AQ39: 5123.5 | AR39: 5012.9 | AS39: 8068.1 | AT39: 6068.5 | AU39: 5628.4 | AV39: =ROUND(AH39-SUM(AI39:AU39),1) -> 788.6 | BA39: =IF(AND(AV39>0,OR(AW39="+",AX39="+",AY39="+",AZ39="+")),0,AV39) -> 788.6
A40: Сергиевский | B40: 1 | C40: 10 | D40: 24217 | E40: 25315 | F40: =IF(G40=0,0,IF(D40=0,1,IF(E40<0,0,IF(E40/D40>1.2,IF((E40/D40-1.2)*0.1+1.2>1.3,1.3,(E40/D40-1.2)*0.1+1.2),E40/D40)))) -> 1.0453401 | G40: 10 | H40: 200 | I40: 197 | J40: =IF(K40=0,0,IF(H40=0,1,IF(I40<0,0,IF(I40/H40>1.2,IF((I40/H40-1.2)*0.1+1.2>1.3,1.3,(I40/H40-1.2)*0.1+1.2),I40/H40)))) -> 0.985 | K40: 15 | L40: 16303 | M40: 19490 | N40: =IF(O40=0,0,IF(L40=0,1,IF(M40<0,0,IF(M40/L40>1.2,IF((M40/L40-1.2)*0.1+1.2>1.3,1.3,(M40/L40-1.2)*0.1+1.2),M40/L40)))) -> 1.1954855 | O40: 5 | P40: 115 | Q40: 136.6 | R40: =IF(S40=0,0,IF(P40=0,1,IF(Q40<0,0,IF(Q40/P40>1.2,IF((Q40/P40-1.2)*0.1+1.2>1.3,1.3,(Q40/P40-1.2)*0.1+1.2),Q40/P40)))) -> 1.1878261 | S40: 10 | T40: 11346.2 | U40: 7845.3 | V40: =IF(W40=0,0,IF(T40=0,1,IF(U40<0,0,IF(U40/T40>1.2,IF((U40/T40-1.2)*0.1+1.2>1.3,1.3,(U40/T40-1.2)*0.1+1.2),U40/T40)))) -> 0.69144736 | W40: 10 | X40: 2430 | Y40: 1949.9 | Z40: =IF(AA40=0,0,IF(X40=0,1,IF(Y40<0,0,IF(Y40/X40>1.2,IF((Y40/X40-1.2)*0.1+1.2>1.3,1.3,(Y40/X40-1.2)*0.1+1.2),Y40/X40)))) -> 0.80242798 | AA40: 10 | AB40: =(B40*C40+F40*G40+J40*K40+N40*O40+R40*S40+V40*W40+Z40*AA40)/(C40+G40+K40+O40+S40+W40+AA40) -> 0.97175489 | AC40: 64768 | AD40: =ROUND(AB40*AC40,1) -> 62938.6 | AE40: =AD40-AC40 -> -1829.4 | AF40: 5263.2 | AH40: =AD40-AF40-AG40 -> 57675.4 | AJ40: 5653.2 | AK40: 12100 | AL40: 0 | AM40: 0 | AN40: 5145.8 | AO40: 5572.9 | AP40: 4852.3 | AQ40: 4900.8 | AR40: 4042.8 | AS40: 6929 | AT40: 6010.4 | AU40: 6047.1 | AV40: =ROUND(AH40-SUM(AI40:AU40),1) -> -3578.9 | BA40: =IF(AND(AV40>0,OR(AW40="+",AX40="+",AY40="+",AZ40="+")),0,AV40) -> -3578.9
A41: Ставропольский | B41: 1 | C41: 10 | D41: 67029 | E41: 73554 | F41: =IF(G41=0,0,IF(D41=0,1,IF(E41<0,0,IF(E41/D41>1.2,IF((E41/D41-1.2)*0.1+1.2>1.3,1.3,(E41/D41-1.2)*0.1+1.2),E41/D41)))) -> 1.0973459 | G41: 10 | H41: 200 | I41: 180 | J41: =IF(K41=0,0,IF(H41=0,1,IF(I41<0,0,IF(I41/H41>1.2,IF((I41/H41-1.2)*0.1+1.2>1.3,1.3,(I41/H41-1.2)*0.1+1.2),I41/H41)))) -> 0.9 | K41: 15 | L41: 151786 | M41: 286454 | N41: =IF(O41=0,0,IF(L41=0,1,IF(M41<0,0,IF(M41/L41>1.2,IF((M41/L41-1.2)*0.1+1.2>1.3,1.3,(M41/L41-1.2)*0.1+1.2),M41/L41)))) -> 1.2687223 | O41: 5 | P41: 175 | Q41: 200.4 | R41: =IF(S41=0,0,IF(P41=0,1,IF(Q41<0,0,IF(Q41/P41>1.2,IF((Q41/P41-1.2)*0.1+1.2>1.3,1.3,(Q41/P41-1.2)*0.1+1.2),Q41/P41)))) -> 1.1451429 | S41: 10 | T41: 32094.4 | U41: 34420.9 | V41: =IF(W41=0,0,IF(T41=0,1,IF(U41<0,0,IF(U41/T41>1.2,IF((U41/T41-1.2)*0.1+1.2>1.3,1.3,(U41/T41-1.2)*0.1+1.2),U41/T41)))) -> 1.0724893 | W41: 10 | X41: 3237 | Y41: 3513.1 | Z41: =IF(AA41=0,0,IF(X41=0,1,IF(Y41<0,0,IF(Y41/X41>1.2,IF((Y41/X41-1.2)*0.1+1.2>1.3,1.3,(Y41/X41-1.2)*0.1+1.2),Y41/X41)))) -> 1.085295 | AA41: 10 | AB41: =(B41*C41+F41*G41+J41*K41+N41*O41+R41*S41+V41*W41+Z41*AA41)/(C41+G41+K41+O41+S41+W41+AA41) -> 1.0549477 | AC41: 94154 | AD41: =ROUND(AB41*AC41,1) -> 99327.6 | AE41: =AD41-AC41 -> 5173.6 | AH41: =AD41-AF41-AG41 -> 99327.6 | AJ41: 8215.4 | AL41: 8215.3 | AM41: 8215.4 | AN41: 7064.2 | AO41: 10208.4 | AP41: 8383.8 | AQ41: 8239 | AR41: 6995.7 | AS41: 11280.2 | AT41: 8492.5 | AU41: 8531 | AV41: =ROUND(AH41-SUM(AI41:AU41),1) -> 5486.7 | BA41: =IF(AND(AV41>0,OR(AW41="+",AX41="+",AY41="+",AZ41="+")),0,AV41) -> 5486.7
A42: Сызранский | B42: 1 | C42: 10 | D42: 11962 | E42: 12046 | F42: =IF(G42=0,0,IF(D42=0,1,IF(E42<0,0,IF(E42/D42>1.2,IF((E42/D42-1.2)*0.1+1.2>1.3,1.3,(E42/D42-1.2)*0.1+1.2),E42/D42)))) -> 1.0070222 | G42: 10 | H42: 200 | I42: 197 | J42: =IF(K42=0,0,IF(H42=0,1,IF(I42<0,0,IF(I42/H42>1.2,IF((I42/H42-1.2)*0.1+1.2>1.3,1.3,(I42/H42-1.2)*0.1+1.2),I42/H42)))) -> 0.985 | K42: 15 | L42: 13225 | M42: 23220 | N42: =IF(O42=0,0,IF(L42=0,1,IF(M42<0,0,IF(M42/L42>1.2,IF((M42/L42-1.2)*0.1+1.2>1.3,1.3,(M42/L42-1.2)*0.1+1.2),M42/L42)))) -> 1.2555766 | O42: 5 | P42: 66.2 | Q42: 44.8 | R42: =IF(S42=0,0,IF(P42=0,1,IF(Q42<0,0,IF(Q42/P42>1.2,IF((Q42/P42-1.2)*0.1+1.2>1.3,1.3,(Q42/P42-1.2)*0.1+1.2),Q42/P42)))) -> 0.67673716 | S42: 10 | T42: 11373.4 | U42: 11812.2 | V42: =IF(W42=0,0,IF(T42=0,1,IF(U42<0,0,IF(U42/T42>1.2,IF((U42/T42-1.2)*0.1+1.2>1.3,1.3,(U42/T42-1.2)*0.1+1.2),U42/T42)))) -> 1.0385813 | W42: 10 | X42: 3489 | Y42: 2587.9 | Z42: =IF(AA42=0,0,IF(X42=0,1,IF(Y42<0,0,IF(Y42/X42>1.2,IF((Y42/X42-1.2)*0.1+1.2>1.3,1.3,(Y42/X42-1.2)*0.1+1.2),Y42/X42)))) -> 0.74173116 | AA42: 10 | AB42: =(B42*C42+F42*G42+J42*K42+N42*O42+R42*S42+V42*W42+Z42*AA42)/(C42+G42+K42+O42+S42+W42+AA42) -> 0.93848001 | AC42: 54676 | AD42: =ROUND(AB42*AC42,1) -> 51312.3 | AE42: =AD42-AC42 -> -3363.7 | AF42: 341.7 | AH42: =AD42-AF42-AG42 -> 50970.6 | AJ42: 4452.8 | AL42: 4452.8 | AM42: 4452.9 | AN42: 4476.4 | AO42: 5300.3 | AP42: 4572.3 | AQ42: 4510.9 | AR42: 4257.1 | AS42: 9332.2 | AT42: 4999.1 | AU42: 5114.8 | AV42: =ROUND(AH42-SUM(AI42:AU42),1) -> -4951 | BA42: =IF(AND(AV42>0,OR(AW42="+",AX42="+",AY42="+",AZ42="+")),0,AV42) -> -4951
A43: Хворостянский | B43: 1 | C43: 10 | D43: 5075 | E43: 5242 | F43: =IF(G43=0,0,IF(D43=0,1,IF(E43<0,0,IF(E43/D43>1.2,IF((E43/D43-1.2)*0.1+1.2>1.3,1.3,(E43/D43-1.2)*0.1+1.2),E43/D43)))) -> 1.0329064 | G43: 10 | H43: 200 | I43: 198.6 | J43: =IF(K43=0,0,IF(H43=0,1,IF(I43<0,0,IF(I43/H43>1.2,IF((I43/H43-1.2)*0.1+1.2>1.3,1.3,(I43/H43-1.2)*0.1+1.2),I43/H43)))) -> 0.993 | K43: 15 | L43: 2820 | M43: 4291 | N43: =IF(O43=0,0,IF(L43=0,1,IF(M43<0,0,IF(M43/L43>1.2,IF((M43/L43-1.2)*0.1+1.2>1.3,1.3,(M43/L43-1.2)*0.1+1.2),M43/L43)))) -> 1.2321631 | O43: 5 | P43: 141.4 | Q43: 113.8 | R43: =IF(S43=0,0,IF(P43=0,1,IF(Q43<0,0,IF(Q43/P43>1.2,IF((Q43/P43-1.2)*0.1+1.2>1.3,1.3,(Q43/P43-1.2)*0.1+1.2),Q43/P43)))) -> 0.80480905 | S43: 10 | T43: 28268.8 | U43: 23199.7 | V43: =IF(W43=0,0,IF(T43=0,1,IF(U43<0,0,IF(U43/T43>1.2,IF((U43/T43-1.2)*0.1+1.2>1.3,1.3,(U43/T43-1.2)*0.1+1.2),U43/T43)))) -> 0.82068217 | W43: 10 | X43: 3894.7 | Y43: 3069.8 | Z43: =IF(AA43=0,0,IF(X43=0,1,IF(Y43<0,0,IF(Y43/X43>1.2,IF((Y43/X43-1.2)*0.1+1.2>1.3,1.3,(Y43/X43-1.2)*0.1+1.2),Y43/X43)))) -> 0.78819935 | AA43: 10 | AB43: =(B43*C43+F43*G43+J43*K43+N43*O43+R43*S43+V43*W43+Z43*AA43)/(C43+G43+K43+O43+S43+W43+AA43) -> 0.9360255 | AC43: 50189 | AD43: =ROUND(AB43*AC43,1) -> 46978.2 | AE43: =AD43-AC43 -> -3210.8 | AF43: 311.5 | AH43: =AD43-AF43-AG43 -> 46666.7 | AJ43: 4390.6 | AL43: 4390.7 | AM43: 4390.6 | AN43: 4447.3 | AO43: 3697.6 | AP43: 4213.5 | AQ43: 5663.1 | AR43: 4203.1 | AS43: 5964.3 | AT43: 4459.6 | AU43: 4613.1 | AV43: =ROUND(AH43-SUM(AI43:AU43),1) -> -3766.8 | BA43: =IF(AND(AV43>0,OR(AW43="+",AX43="+",AY43="+",AZ43="+")),0,AV43) -> -3766.8
A44: Челно-Вершинский | B44: 1 | C44: 10 | D44: 5600 | E44: 5899 | F44: =IF(G44=0,0,IF(D44=0,1,IF(E44<0,0,IF(E44/D44>1.2,IF((E44/D44-1.2)*0.1+1.2>1.3,1.3,(E44/D44-1.2)*0.1+1.2),E44/D44)))) -> 1.0533929 | G44: 10 | H44: 200 | I44: 196 | J44: =IF(K44=0,0,IF(H44=0,1,IF(I44<0,0,IF(I44/H44>1.2,IF((I44/H44-1.2)*0.1+1.2>1.3,1.3,(I44/H44-1.2)*0.1+1.2),I44/H44)))) -> 0.98 | K44: 15 | L44: 3296 | M44: 3678 | N44: =IF(O44=0,0,IF(L44=0,1,IF(M44<0,0,IF(M44/L44>1.2,IF((M44/L44-1.2)*0.1+1.2>1.3,1.3,(M44/L44-1.2)*0.1+1.2),M44/L44)))) -> 1.1158981 | O44: 5 | P44: 73 | Q44: 92.4 | R44: =IF(S44=0,0,IF(P44=0,1,IF(Q44<0,0,IF(Q44/P44>1.2,IF((Q44/P44-1.2)*0.1+1.2>1.3,1.3,(Q44/P44-1.2)*0.1+1.2),Q44/P44)))) -> 1.2065753 | S44: 10 | T44: 15408.7 | U44: 17626.2 | V44: =IF(W44=0,0,IF(T44=0,1,IF(U44<0,0,IF(U44/T44>1.2,IF((U44/T44-1.2)*0.1+1.2>1.3,1.3,(U44/T44-1.2)*0.1+1.2),U44/T44)))) -> 1.1439122 | W44: 10 | X44: 5557.4 | Y44: 3316.6 | Z44: =IF(AA44=0,0,IF(X44=0,1,IF(Y44<0,0,IF(Y44/X44>1.2,IF((Y44/X44-1.2)*0.1+1.2>1.3,1.3,(Y44/X44-1.2)*0.1+1.2),Y44/X44)))) -> 0.59678987 | AA44: 10 | AB44: =(B44*C44+F44*G44+J44*K44+N44*O44+R44*S44+V44*W44+Z44*AA44)/(C44+G44+K44+O44+S44+W44+AA44) -> 1.0040885 | AC44: 41200 | AD44: =ROUND(AB44*AC44,1) -> 41368.4 | AE44: =AD44-AC44 -> 168.4 | AF44: 1298.5 | AH44: =AD44-AF44-AG44 -> 40069.9 | AJ44: 3616.6 | AL44: 3616.7 | AM44: 3616.6 | AN44: 3468.8 | AO44: 4255 | AP44: 3507 | AQ44: 3363.2 | AR44: 3443.4 | AS44: 4680.2 | AT44: 3559.6 | AU44: 3842.6 | AV44: =ROUND(AH44-SUM(AI44:AU44),1) -> -899.8 | BA44: =IF(AND(AV44>0,OR(AW44="+",AX44="+",AY44="+",AZ44="+")),0,AV44) -> -899.8
A45: Шенталинский | B45: 1 | C45: 10 | D45: 7676 | E45: 7941 | F45: =IF(G45=0,0,IF(D45=0,1,IF(E45<0,0,IF(E45/D45>1.2,IF((E45/D45-1.2)*0.1+1.2>1.3,1.3,(E45/D45-1.2)*0.1+1.2),E45/D45)))) -> 1.0345232 | G45: 10 | H45: 200 | I45: 195 | J45: =IF(K45=0,0,IF(H45=0,1,IF(I45<0,0,IF(I45/H45>1.2,IF((I45/H45-1.2)*0.1+1.2>1.3,1.3,(I45/H45-1.2)*0.1+1.2),I45/H45)))) -> 0.975 | K45: 15 | L45: 4588 | M45: 3958 | N45: =IF(O45=0,0,IF(L45=0,1,IF(M45<0,0,IF(M45/L45>1.2,IF((M45/L45-1.2)*0.1+1.2>1.3,1.3,(M45/L45-1.2)*0.1+1.2),M45/L45)))) -> 0.86268527 | O45: 5 | P45: 44.8 | Q45: 58.3 | R45: =IF(S45=0,0,IF(P45=0,1,IF(Q45<0,0,IF(Q45/P45>1.2,IF((Q45/P45-1.2)*0.1+1.2>1.3,1.3,(Q45/P45-1.2)*0.1+1.2),Q45/P45)))) -> 1.2101339 | S45: 10 | T45: 15649.1 | U45: 13208.8 | V45: =IF(W45=0,0,IF(T45=0,1,IF(U45<0,0,IF(U45/T45>1.2,IF((U45/T45-1.2)*0.1+1.2>1.3,1.3,(U45/T45-1.2)*0.1+1.2),U45/T45)))) -> 0.84406132 | W45: 10 | X45: 2908.2 | Y45: 1597 | Z45: =IF(AA45=0,0,IF(X45=0,1,IF(Y45<0,0,IF(Y45/X45>1.2,IF((Y45/X45-1.2)*0.1+1.2>1.3,1.3,(Y45/X45-1.2)*0.1+1.2),Y45/X45)))) -> 0.54913692 | AA45: 10 | AB45: =(B45*C45+F45*G45+J45*K45+N45*O45+R45*S45+V45*W45+Z45*AA45)/(C45+G45+K45+O45+S45+W45+AA45) -> 0.93309971 | AC45: 41733 | AD45: =ROUND(AB45*AC45,1) -> 38941.1 | AE45: =AD45-AC45 -> -2791.9 | AF45: 1275.2 | AH45: =AD45-AF45-AG45 -> 37665.9 | AJ45: 3666.4 | AL45: 3666.3 | AM45: 3666.4 | AN45: 3654.7 | AO45: 3517.3 | AP45: 3430.2 | AQ45: 3825.5 | AR45: 3139.5 | AS45: 4601.3 | AT45: 3273.8 | AU45: 3771.7 | AV45: =ROUND(AH45-SUM(AI45:AU45),1) -> -2547.2 | BA45: =IF(AND(AV45>0,OR(AW45="+",AX45="+",AY45="+",AZ45="+")),0,AV45) -> -2547.2
A46: Шигонский | B46: 1 | C46: 10 | D46: 10930 | E46: 11052 | F46: =IF(G46=0,0,IF(D46=0,1,IF(E46<0,0,IF(E46/D46>1.2,IF((E46/D46-1.2)*0.1+1.2>1.3,1.3,(E46/D46-1.2)*0.1+1.2),E46/D46)))) -> 1.0111619 | G46: 10 | H46: 200 | I46: 197 | J46: =IF(K46=0,0,IF(H46=0,1,IF(I46<0,0,IF(I46/H46>1.2,IF((I46/H46-1.2)*0.1+1.2>1.3,1.3,(I46/H46-1.2)*0.1+1.2),I46/H46)))) -> 0.985 | K46: 15 | L46: 11069 | M46: 8808 | N46: =IF(O46=0,0,IF(L46=0,1,IF(M46<0,0,IF(M46/L46>1.2,IF((M46/L46-1.2)*0.1+1.2>1.3,1.3,(M46/L46-1.2)*0.1+1.2),M46/L46)))) -> 0.79573584 | O46: 5 | P46: 73.3 | Q46: 62.5 | R46: =IF(S46=0,0,IF(P46=0,1,IF(Q46<0,0,IF(Q46/P46>1.2,IF((Q46/P46-1.2)*0.1+1.2>1.3,1.3,(Q46/P46-1.2)*0.1+1.2),Q46/P46)))) -> 0.8526603 | S46: 10 | T46: 14940.1 | U46: 11018 | V46: =IF(W46=0,0,IF(T46=0,1,IF(U46<0,0,IF(U46/T46>1.2,IF((U46/T46-1.2)*0.1+1.2>1.3,1.3,(U46/T46-1.2)*0.1+1.2),U46/T46)))) -> 0.73747833 | W46: 10 | X46: 3744.9 | Y46: 3839.2 | Z46: =IF(AA46=0,0,IF(X46=0,1,IF(Y46<0,0,IF(Y46/X46>1.2,IF((Y46/X46-1.2)*0.1+1.2>1.3,1.3,(Y46/X46-1.2)*0.1+1.2),Y46/X46)))) -> 1.0251809 | AA46: 10 | AB46: =(B46*C46+F46*G46+J46*K46+N46*O46+R46*S46+V46*W46+Z46*AA46)/(C46+G46+K46+O46+S46+W46+AA46) -> 0.92883563 | AC46: 70710 | AD46: =ROUND(AB46*AC46,1) -> 65678 | AE46: =AD46-AC46 -> -5032 | AF46: 2000.8 | AH46: =AD46-AF46-AG46 -> 63677.2 | AJ46: 6148.8 | AL46: 6148.8 | AM46: 6148.9 | AN46: 5490.2 | AO46: 5261.9 | AP46: 5519.6 | AQ46: 4056 | AR46: 6039.4 | AS46: 7773.9 | AT46: 6517.8 | AU46: 6110.6 | AV46: =ROUND(AH46-SUM(AI46:AU46),1) -> -1538.7 | BA46: =IF(AND(AV46>0,OR(AW46="+",AX46="+",AY46="+",AZ46="+")),0,AV46) -> -1538.7
A47: ИТОГО | D47: =D8+D19 -> 2242658 | E47: =E8+E19 -> 2356652 | F47: =IF(E47/D47>1.2,IF((E47/D47-1.2)*0.1+1.2>1.3,1.3,(E47/D47-1.2)*0.1+1.2),E47/D47) -> 1.0508299 | L47: =L8+L19 -> 2252660 | M47: =M8+M19 -> 2012775 | N47: =IF(M47/L47>1.2,IF((M47/L47-1.2)*0.1+1.2>1.3,1.3,(M47/L47-1.2)*0.1+1.2),M47/L47) -> 0.89351034 | P47: =P19 -> 2683.6 | Q47: =Q19 -> 2770.5 | R47: =IF(Q47/P47>1.2,IF((Q47/P47-1.2)*0.1+1.2>1.3,1.3,(Q47/P47-1.2)*0.1+1.2),Q47/P47) -> 1.0323819 | T47: =T19 -> 466150.6 | U47: =U19 -> 431521.7 | V47: =IF(U47/T47>1.2,IF((U47/T47-1.2)*0.1+1.2>1.3,1.3,(U47/T47-1.2)*0.1+1.2),U47/T47) -> 0.92571306 | X47: =X19 -> 144538.7 | Y47: =Y19 -> 150987.2 | Z47: =IF(Y47/X47>1.2,IF((Y47/X47-1.2)*0.1+1.2>1.3,1.3,(Y47/X47-1.2)*0.1+1.2),Y47/X47) -> 1.0446143 | AB47: =AD47/AC47 -> 0.95320807 | AC47: =AC8+AC19 -> 3638512 | AD47: =AD8+AD19 -> 3468259 | AE47: =AE8+AE19 -> -170253 | AF47: =AF8+AF19 -> 93254.9 | AG47: =AG8+AG19 -> 0 | AH47: =AH8+AH19 -> 3375004.1 | AI47: =AI8+AI19 -> 7282.6 | AJ47: =AJ8+AJ19 -> 298790 | ... AV47: =AV8+AV19 -> 88867.2 | AW47: =COUNTIF(AW9:AW46,"+") -> 0 | AX47: =COUNTIF(AX9:AX46,"+") -> 0 | AY47: =COUNTIF(AY9:AY46,"+") -> 0 | AZ47: =COUNTIF(AZ9:AZ46,"+") -> 0 | BA47: =BA8+BA19 -> 88867.2
A49: * | C49: - на муниципальное образование распространяется соответствующее ограничение
B50: + | C50: - условие предоставления дотации не выполнено

Sheet Плюсы и минусы
A1: Факторный анализ влияния отдельных показателей на итоговое распределение за 2024 год
X2: тыс. рублей
A3: Наименование муниципального образования | B3: +/- по итогам отчётного периода | C3: Отсутствие просроченной кредиторской задолженности бюджета городского округа, консолидированного бюджета городского округа с внутригородским делением, консолидированного бюджета муниципального района по состоянию на конец отчетного периода | F3: Объем алкогольной продукции, зафиксированный в единой государственной автоматизированной информационной системе | I3: Эффективность вовлечения объектов недвижимости в налоговый оборот | L3: Общая площадь введенного в эксплуатацию жилья с учетом индивидуального жилищного строительства | O3: Валовой сбор зерна в весе после доработки | R3: Производство молока во всех категориях хозяйств | U3: Производство скота и птицы на убой (в живом весе) во всех категориях хозяйств | X3: Общая сумма весов влияния
C4: Отклонение от прогноза | D4: Вес влияния на результат | E4: + / - (5)=(2)*(4)/(24) | F4: Отклонение от прогноза | G4: Вес влияния на результат | H4: + / - (8)=(2)*(7)/(24) | I4: Отклонение от прогноза | J4: Вес влияния на результат | K4: + / - (11)=(2)*(10)/(24) | L4: Отклонение от прогноза | M4: Вес влияния на результат | N4: + / - (14)=(2)*(13)/(24) | O4: Отклонение от прогноза | P4: Вес влияния на результат | Q4: + / - (17)=(2)*(16)/(24) | R4: Отклонение от прогноза | S4: Вес влияния на результат | T4: + / - (20)=(2)*(19)/(24) | U4: Отклонение от прогноза | V4: Вес влияния на результат | W4: + / - (23)=(2)*(22)/(24)
A5: 1 | B5: 2 | C5: 3 | D5: 4 | E5: 5 | F5: 6 | G5: 7 | H5: 8 | I5: 9 | J5: 10 | K5: 11 | L5: 12 | M5: 13 | N5: 14 | O5: 15 | P5: 16 | Q5: 17 | R5: 18 | S5: 19 | T5: 20 | U5: 21 | V5: 22 | W5: 23 | X5: 24
A6: Городские округа | B6: =SUM(B7:B16) -> -138494.3 | E6: =SUM(E7:E16) -> 0 | H6: =SUM(H7:H16) -> 28610.462 | K6: =SUM(K7:K16) -> -28446.499 | N6: =SUM(N7:N16) -> -138658.26
A7: Самара | B7: ='Расчет дотаций'!AE9 -> -76003.7 | C7: ='Расчет дотаций'!B9-1 -> 0 | D7: =C7*'Расчет дотаций'!C9 -> 0 | E7: =$B7*D7/$X7 -> 0 | F7: ='Расчет дотаций'!F9-1 -> 0.032544162 | G7: =F7*'Расчет дотаций'!G9 -> 0.48816244 | H7: =$B7*G7/$X7 -> 4599.7118 | I7: ='Расчет дотаций'!J9-1 -> -0.07 | J7: =I7*'Расчет дотаций'!K9 -> -1.4 | K7: =$B7*J7/$X7 -> -13191.504 | L7: ='Расчет дотаций'!N9-1 -> -0.47695686 | M7: =L7*'Расчет дотаций'!O9 -> -7.1543529 | N7: =$B7*M7/$X7 -> -67411.908 | O7: Х | P7: Х | Q7: Х | R7: Х | S7: Х | T7: Х | U7: Х | V7: Х | W7: Х | X7: =D7+G7+J7+M7 -> -8.0661904
A8: Тольятти | B8: ='Расчет дотаций'!AE10 -> -100793.9 | C8: ='Расчет дотаций'!B10-1 -> 0 | D8: =C8*'Расчет дотаций'!C10 -> 0 | E8: =$B8*D8/$X8 -> 0 | F8: ='Расчет дотаций'!F10-1 -> 0.077999959 | G8: =F8*'Расчет дотаций'!G10 -> 1.1699994 | H8: =$B8*G8/$X8 -> 13116.298 | I8: ='Расчет дотаций'!J10-1 -> -0.0155 | J8: =I8*'Расчет дотаций'!K10 -> -0.31 | K8: =$B8*J8/$X8 -> -3475.2602 | L8: ='Расчет дотаций'!N10-1 -> -0.65673414 | M8: =L8*'Расчет дотаций'!O10 -> -9.8510121 | N8: =$B8*M8/$X8 -> -110434.94 | O8: Х | P8: Х | Q8: Х | R8: Х | S8: Х | T8: Х | U8: Х | V8: Х | W8: Х | X8: =D8+G8+J8+M8 -> -8.9910127
A9: Сызрань | B9: ='Расчет дотаций'!AE11 -> 10781.9 | C9: ='Расчет дотаций'!B11-1 -> 0 | D9: =C9*'Расчет дотаций'!C11 -> 0 | E9: =$B9*D9/$X9 -> 0 | F9: ='Расчет дотаций'!F11-1 -> 0.043243204 | G9: =F9*'Расчет дотаций'!G11 -> 0.64864805 | H9: =$B9*G9/$X9 -> 2324.9994 | I9: ='Расчет дотаций'!J11-1 -> -0.035 | J9: =I9*'Расчет дотаций'!K11 -> -0.7 | K9: =$B9*J9/$X9 -> -2509.0642 | L9: ='Расчет дотаций'!N11-1 -> 0.20395852 | M9: =L9*'Расчет дотаций'!O11 -> 3.0593779 | N9: =$B9*M9/$X9 -> 10965.965 | O9: Х | P9: Х | Q9: Х | R9: Х | S9: Х | T9: Х | U9: Х | V9: Х | W9: Х | X9: =D9+G9+J9+M9 -> 3.0080259
A10: Новокуйбышевск | B10: ='Расчет дотаций'!AE12 -> 7627 | C10: ='Расчет дотаций'!B12-1 -> 0 | D10: =C10*'Расчет дотаций'!C12 -> 0 | E10: =$B10*D10/$X10 -> 0 | F10: ='Расчет дотаций'!F12-1 -> 0.029115287 | G10: =F10*'Расчет дотаций'!G12 -> 0.4367293 | H10: =$B10*G10/$X10 -> 890.66507 | I10: ='Расчет дотаций'!J12-1 -> -0.0115 | J10: =I10*'Расчет дотаций'!K12 -> -0.23 | K10: =$B10*J10/$X10 -> -469.06165 | L10: ='Расчет дотаций'!N12-1 -> 0.23553993 | M10: =L10*'Расчет дотаций'!O12 -> 3.5330989 | N10: =$B10*M10/$X10 -> 7205.3966 | O10: Х | P10: Х | Q10: Х | R10: Х | S10: Х | T10: Х | U10: Х | V10: Х | W10: Х | X10: =D10+G10+J10+M10 -> 3.7398282
A11: Чапаевск | B11: ='Расчет дотаций'!AE13 -> 4826.4 | C11: ='Расчет дотаций'!B13-1 -> 0 | D11: =C11*'Расчет дотаций'!C13 -> 0 | E11: =$B11*D11/$X11 -> 0 | F11: ='Расчет дотаций'!F13-1 -> 0.090618016 | G11: =F11*'Расчет дотаций'!G13 -> 1.3592702 | H11: =$B11*G11/$X11 -> 2222.159 | I11: ='Расчет дотаций'!J13-1 -> -0.12 | J11: =I11*'Расчет дотаций'!K13 -> -2.4 | K11: =$B11*J11/$X11 -> -3923.5624 | L11: ='Расчет дотаций'!N13-1 -> 0.26619904 | M11: =L11*'Расчет дотаций'!O13 -> 3.9929856 | N11: =$B11*M11/$X11 -> 6527.8034 | O11: Х | P11: Х | Q11: Х | R11: Х | S11: Х | T11: Х | U11: Х | V11: Х | W11: Х | X11: =D11+G11+J11+M11 -> 2.9522559
A12: Отрадный | B12: ='Расчет дотаций'!AE14 -> 1637.6 | C12: ='Расчет дотаций'!B14-1 -> 0 | D12: =C12*'Расчет дотаций'!C14 -> 0 | E12: =$B12*D12/$X12 -> 0 | F12: ='Расчет дотаций'!F14-1 -> 0.013427789 | G12: =F12*'Расчет дотаций'!G14 -> 0.20141683 | H12: =$B12*G12/$X12 -> 196.25644 | I12: ='Расчет дотаций'!J14-1 -> -0.08 | J12: =I12*'Расчет дотаций'!K14 -> -1.6 | K12: =$B12*J12/$X12 -> -1559.0073 | L12: ='Расчет дотаций'!N14-1 -> 0.20528283 | M12: =L12*'Расчет дотаций'!O14 -> 3.0792424 | N12: =$B12*M12/$X12 -> 3000.3508 | O12: Х | P12: Х | Q12: Х | R12: Х | S12: Х | T12: Х | U12: Х | V12: Х | W12: Х | X12: =D12+G12+J12+M12 -> 1.6806593
A13: Жигулевск | B13: ='Расчет дотаций'!AE15 -> 4477.1 | C13: ='Расчет дотаций'!B15-1 -> 0 | D13: =C13*'Расчет дотаций'!C15 -> 0 | E13: =$B13*D13/$X13 -> 0 | F13: ='Расчет дотаций'!F15-1 -> 0.046730511 | G13: =F13*'Расчет дотаций'!G15 -> 0.70095767 | H13: =$B13*G13/$X13 -> 1193.8462 | I13: ='Расчет дотаций'!J15-1 -> -0.065 | J13: =I13*'Расчет дотаций'!K15 -> -1.3 | K13: =$B13*J13/$X13 -> -2214.1138 | L13: ='Расчет дотаций'!N15-1 -> 0.21518249 | M13: =L13*'Расчет дотаций'!O15 -> 3.2277374 | N13: =$B13*M13/$X13 -> 5497.3676 | O13: Х | P13: Х | Q13: Х | R13: Х | S13: Х | T13: Х | U13: Х | V13: Х | W13: Х | X13: =D13+G13+J13+M13 -> 2.6286951
A14: Октябрьск | B14: ='Расчет дотаций'!AE16 -> 2771.6 | C14: ='Расчет дотаций'!B16-1 -> 0 | D14: =C14*'Расчет дотаций'!C16 -> 0 | E14: =$B14*D14/$X14 -> 0 | F14: ='Расчет дотаций'!F16-1 -> 0.037590046 | G14: =F14*'Расчет дотаций'!G16 -> 0.56385069 | H14: =$B14*G14/$X14 -> 997.74812 | I14: ='Расчет дотаций'!J16-1 -> 0 | J14: =I14*'Расчет дотаций'!K16 -> 0 | K14: =$B14*J14/$X14 -> 0 | L14: ='Расчет дотаций'!N16-1 -> 0.066829666 | M14: =L14*'Расчет дотаций'!O16 -> 1.002445 | N14: =$B14*M14/$X14 -> 1773.8519 | O14: Х | P14: Х | Q14: Х | R14: Х | S14: Х | T14: Х | U14: Х | V14: Х | W14: Х | X14: =D14+G14+J14+M14 -> 1.5662957
A15: Кинель | B15: ='Расчет дотаций'!AE17 -> 7479.7 | C15: ='Расчет дотаций'!B17-1 -> 0 | D15: =C15*'Расчет дотаций'!C17 -> 0 | E15: =$B15*D15/$X15 -> 0 | F15: ='Расчет дотаций'!F17-1 -> 0.066142581 | G15: =F15*'Расчет дотаций'!G17 -> 0.99213871 | H15: =$B15*G15/$X15 -> 1521.6235 | I15: ='Расчет дотаций'!J17-1 -> -0.02 | J15: =I15*'Расчет дотаций'!K17 -> -0.4 | K15: =$B15*J15/$X15 -> -613.4721 | L15: ='Расчет дотаций'!N17-1 -> 0.28565488 | M15: =L15*'Расчет дотаций'!O17 -> 4.2848231 | N15: =$B15*M15/$X15 -> 6571.5486 | O15: Х | P15: Х | Q15: Х | R15: Х | S15: Х | T15: Х | U15: Х | V15: Х | W15: Х | X15: =D15+G15+J15+M15 -> 4.8769618
A16: Похвистнево | B16: ='Расчет дотаций'!AE18 -> -1298 | C16: ='Расчет дотаций'!B18-1 -> 0 | D16: =C16*'Расчет дотаций'!C18 -> 0 | E16: =$B16*D16/$X16 -> 0 | F16: ='Расчет дотаций'!F18-1 -> 0.090246037 | G16: =F16*'Расчет дотаций'!G18 -> 1.3536906 | H16: =$B16*G16/$X16 -> 1547.1541 | I16: ='Расчет дотаций'!J18-1 -> -0.0215 | J16: =I16*'Расчет дотаций'!K18 -> -0.43 | K16: =$B16*J16/$X16 -> -491.45373 | L16: ='Расчет дотаций'!N18-1 -> -0.13729216 | M16: =L16*'Расчет дотаций'!O18 -> -2.0593824 | N16: =$B16*M16/$X16 -> -2353.7004 | O16: Х | P16: Х | Q16: Х | R16: Х | S16: Х | T16: Х | U16: Х | V16: Х | W16: Х | X16: =D16+G16+J16+M16 -> -1.1356919
A17: Муниципальные районы | B17: =SUM(B18:B44) -> -31758.7 | E17: =SUM(E18:E44) -> 0 | H17: =SUM(H18:H44) -> 11884.863 | K17: =SUM(K18:K44) -> -9319.0272 | N17: =SUM(N18:N44) -> -136.42245 | Q17: =SUM(Q18:Q44) -> 6410.3348 | T17: =SUM(T18:T44) -> -20552.707 | W17: =SUM(W18:W44) -> -20045.741
A18: Алексеевский | B18: ='Расчет дотаций'!AE20 -> -4351.7 | C18: ='Расчет дотаций'!B20-1 -> 0 | D18: =C18*'Расчет дотаций'!C20 -> 0 | E18: =$B18*D18/$X18 -> 0 | F18: ='Расчет дотаций'!F20-1 -> 0.12361516 | G18: =F18*'Расчет дотаций'!G20 -> 1.2361516 | H18: =$B18*G18/$X18 -> 610.39057 | I18: ='Расчет дотаций'!J20-1 -> 0 | J18: =I18*'Расчет дотаций'!K20 -> 0 | K18: =$B18*J18/$X18 -> 0 | L18: ='Расчет дотаций'!N20-1 -> -0.64415396 | M18: =L18*'Расчет дотаций'!O20 -> -3.2207698 | N18: =$B18*M18/$X18 -> -1590.3612 | O18: ='Расчет дотаций'!R20-1 -> 0.20193268 | P18: =O18*'Расчет дотаций'!S20 -> 2.0193268 | Q18: =$B18*P18/$X18 -> 997.10913 | R18: ='Расчет дотаций'!V20-1 -> -0.35457338 | S18: =R18*'Расчет дотаций'!W20 -> -3.5457338 | T18: =$B18*S18/$X18 -> -1750.8229 | U18: ='Расчет дотаций'!Z20-1 -> -0.53019565 | V18: =U18*'Расчет дотаций'!AA20 -> -5.3019565 | W18: =$B18*V18/$X18 -> -2618.0157 | X18: =D18+G18+J18+M18+P18+S18+V18 -> -8.8129817
A19: Безенчукский | B19: ='Расчет дотаций'!AE21 -> 618.8 | C19: ='Расчет дотаций'!B21-1 -> 0 | D19: =C19*'Расчет дотаций'!C21 -> 0 | E19: =$B19*D19/$X19 -> 0 | F19: ='Расчет дотаций'!F21-1 -> 0.016129691 | G19: =F19*'Расчет дотаций'!G21 -> 0.16129691 | H19: =$B19*G19/$X19 -> 146.58628 | I19: ='Расчет дотаций'!J21-1 -> -0.005 | J19: =I19*'Расчет дотаций'!K21 -> -0.075 | K19: =$B19*J19/$X19 -> -68.159837 | L19: ='Расчет дотаций'!N21-1 -> 0.19285806 | M19: =L19*'Расчет дотаций'!O21 -> 0.96429032 | N19: =$B19*M19/$X19 -> 876.34494 | O19: ='Расчет дотаций'!R21-1 -> -0.037002775 | P19: =O19*'Расчет дотаций'!S21 -> -0.37002775 | Q19: =$B19*P19/$X19 -> -336.28042 | R19: ='Расчет дотаций'!V21-1 -> 4.5770151e-06 | S19: =R19*'Расчет дотаций'!W21 -> 4.5770151e-05 | T19: =$B19*S19/$X19 -> 0.041595814 | U19: ='Расчет дотаций'!Z21-1 -> 2.9427344e-05 | V19: =U19*'Расчет дотаций'!AA21 -> 0.00029427344 | W19: =$B19*V19/$X19 -> 0.26743506 | X19: =D19+G19+J19+M19+P19+S19+V19 -> 0.68089952
A20: Богатовский | B20: ='Расчет дотаций'!AE22 -> 35.2 | C20: ='Расчет дотаций'!B22-1 -> 0 | D20: =C20*'Расчет дотаций'!C22 -> 0 | E20: =$B20*D20/$X20 -> 0 | F20: ='Расчет дотаций'!F22-1 -> 0.031942021 | G20: =F20*'Расчет дотаций'!G22 -> 0.31942021 | H20: =$B20*G20/$X20 -> 194.10769 | I20: ='Расчет дотаций'!J22-1 -> -0.04 | J20: =I20*'Расчет дотаций'!K22 -> -0.6 | K20: =$B20*J20/$X20 -> -364.61254 | L20: ='Расчет дотаций'!N22-1 -> -0.27426982 | M20: =L20*'Расчет дотаций'!O22 -> -1.3713491 | N20: =$B20*M20/$X20 -> -833.35181 | O20: ='Расчет дотаций'!R22-1 -> 0.022099448 | P20: =O20*'Расчет дотаций'!S22 -> 0.22099448 | Q20: =$B20*P20/$X20 -> 134.2956 | R20: ='Расчет дотаций'!V22-1 -> 0.20625685 | S20: =R20*'Расчет дотаций'!W22 -> 2.0625685 | T20: =$B20*S20/$X20 -> 1253.3972 | U20: ='Расчет дотаций'!Z22-1 -> -0.057370954 | V20: =U20*'Расчет дотаций'!AA22 -> -0.57370954 | W20: =$B20*V20/$X20 -> -348.63616 | X20: =D20+G20+J20+M20+P20+S20+V20 -> 0.057924502
A21: Большеглушицкий | B21: ='Расчет дотаций'!AE23 -> -5050.5 | C21: ='Расчет дотаций'!B23-1 -> 0 | D21: =C21*'Расчет дотаций'!C23 -> 0 | E21: =$B21*D21/$X21 -> 0 | F21: ='Расчет дотаций'!F23-1 -> 0.0032455374 | G21: =F21*'Расчет дотаций'!G23 -> 0.032455374 | H21: =$B21*G21/$X21 -> 29.876775 | I21: ='Расчет дотаций'!J23-1 -> -0.006 | J21: =I21*'Расчет дотаций'!K23 -> -0.09 | K21: =$B21*J21/$X21 -> -82.849446 | L21: ='Расчет дотаций'!N23-1 -> 0.25077093 | M21: =L21*'Расчет дотаций'!O23 -> 1.2538546 | N21: =$B21*M21/$X21 -> 1154.2351 | O21: ='Расчет дотаций'!R23-1 -> -0.03088042 | P21: =O21*'Расчет дотаций'!S23 -> -0.3088042 | Q21: =$B21*P21/$X21 -> -284.26953 | R21: ='Расчет дотаций'!V23-1 -> -0.53463498 | S21: =R21*'Расчет дотаций'!W23 -> -5.3463498 | T21: =$B21*S21/$X21 -> -4921.5791 | U21: ='Расчет дотаций'!Z23-1 -> -0.10275536 | V21: =U21*'Расчет дотаций'!AA23 -> -1.0275536 | W21: =$B21*V21/$X21 -> -945.91383 | X21: =D21+G21+J21+M21+P21+S21+V21 -> -5.4863976
A22: Большечерниговский | B22: ='Расчет дотаций'!AE24 -> -791.3 | C22: ='Расчет дотаций'!B24-1 -> 0 | D22: =C22*'Расчет дотаций'!C24 -> 0 | E22: =$B22*D22/$X22 -> 0 | F22: ='Расчет дотаций'!F24-1 -> 0.085148844 | G22: =F22*'Расчет дотаций'!G24 -> 0.85148844 | H22: =$B22*G22/$X22 -> 566.88014 | I22: ='Расчет дотаций'!J24-1 -> -0.07 | J22: =I22*'Расчет дотаций'!K24 -> -1.05 | K22: =$B22*J22/$X22 -> -699.03961 | L22: ='Расчет дотаций'!N24-1 -> 0.20389006 | M22: =L22*'Расчет дотаций'!O24 -> 1.0194503 | N22: =$B22*M22/$X22 -> 678.7011 | O22: ='Расчет дотаций'!R24-1 -> 0.18303946 | P22: =O22*'Расчет дотаций'!S24 -> 1.8303946 | Q22: =$B22*P22/$X22 -> 1218.5889 | R22: ='Расчет дотаций'!V24-1 -> -0.35143924 | S22: =R22*'Расчет дотаций'!W24 -> -3.5143924 | T22: =$B22*S22/$X22 -> -2339.7138 | U22: ='Расчет дотаций'!Z24-1 -> -0.032552172 | V22: =U22*'Расчет дотаций'!AA24 -> -0.32552172 | W22: =$B22*V22/$X22 -> -216.71674 | X22: =D22+G22+J22+M22+P22+S22+V22 -> -1.1885807
A23: Борский | B23: ='Расчет дотаций'!AE25 -> 1690.6 | C23: ='Расчет дотаций'!B25-1 -> 0 | D23: =C23*'Расчет дотаций'!C25 -> 0 | E23: =$B23*D23/$X23 -> 0 | F23: ='Расчет дотаций'!F25-1 -> 0.083112697 | G23: =F23*'Расчет дотаций'!G25 -> 0.83112697 | H23: =$B23*G23/$X23 -> 731.20105 | I23: ='Расчет дотаций'!J25-1 -> -0.02 | J23: =I23*'Расчет дотаций'!K25 -> -0.3 | K23: =$B23*J23/$X23 -> -263.93117 | L23: ='Расчет дотаций'!N25-1 -> 0.047601373 | M23: =L23*'Расчет дотаций'!O25 -> 0.23800687 | N23: =$B23*M23/$X23 -> 209.39144 | O23: ='Расчет дотаций'!R25-1 -> 0.20355164 | P23: =O23*'Расчет дотаций'!S25 -> 2.0355164 | Q23: =$B23*P23/$X23 -> 1790.7874 | R23: ='Расчет дотаций'!V25-1 -> -0.10801636 | S23: =R23*'Расчет дотаций'!W25 -> -1.0801636 | T23: =$B23*S23/$X23 -> -950.29612 | U23: ='Расчет дотаций'!Z25-1 -> 0.019715072 | V23: =U23*'Расчет дотаций'!AA25 -> 0.19715072 | W23: =$B23*V23/$X23 -> 173.4474 | X23: =D23+G23+J23+M23+P23+S23+V23 -> 1.9216374
A24: Волжский | B24: ='Расчет дотаций'!AE26 -> 119.3 | C24: ='Расчет дотаций'!B26-1 -> 0 | D24: =C24*'Расчет дотаций'!C26 -> 0 | E24: =$B24*D24/$X24 -> 0 | F24: ='Расчет дотаций'!F26-1 -> 0.10289648 | G24: =F24*'Расчет дотаций'!G26 -> 1.0289648 | H24: =$B24*G24/$X24 -> 1524.7788 | I24: ='Расчет дотаций'!J26-1 -> -0.075 | J24: =I24*'Расчет дотаций'!K26 -> -1.125 | K24: =$B24*J24/$X24 -> -1667.0893 | L24: ='Расчет дотаций'!N26-1 -> 0.24189047 | M24: =L24*'Расчет дотаций'!O26 -> 1.2094523 | N24: =$B24*M24/$X24 -> 1792.2356 | O24: ='Расчет дотаций'!R26-1 -> 0.21688093 | P24: =O24*'Расчет дотаций'!S26 -> 2.1688093 | Q24: =$B24*P24/$X24 -> 3213.8655 | R24: ='Расчет дотаций'!V26-1 -> -0.11126185 | S24: =R24*'Расчет дотаций'!W26 -> -1.1126185 | T24: =$B24*S24/$X24 -> -1648.7416 | U24: ='Расчет дотаций'!Z26-1 -> -0.20891008 | V24: =U24*'Расчет дотаций'!AA26 -> -2.0891008 | W24: =$B24*V24/$X24 -> -3095.749 | X24: =D24+G24+J24+M24+P24+S24+V24 -> 0.080507085
A25: Елховский | B25: ='Расчет дотаций'!AE27 -> 891.1 | C25: ='Расчет дотаций'!B27-1 -> 0 | D25: =C25*'Расчет дотаций'!C27 -> 0 | E25: =$B25*D25/$X25 -> 0 | F25: ='Расчет дотаций'!F27-1 -> 0.040628779 | G25: =F25*'Расчет дотаций'!G27 -> 0.40628779 | H25: =$B25*G25/$X25 -> 150.80678 | I25: ='Расчет дотаций'!J27-1 -> -0.02 | J25: =I25*'Расчет дотаций'!K27 -> -0.3 | K25: =$B25*J25/$X25 -> -111.35465 | L25: ='Расчет дотаций'!N27-1 -> 0.14621849 | M25: =L25*'Расчет дотаций'!O27 -> 0.73109244 | N25: =$B25*M25/$X25 -> 271.36848 | O25: ='Расчет дотаций'!R27-1 -> 0.14475432 | P25: =O25*'Расчет дотаций'!S27 -> 1.4475432 | Q25: =$B25*P25/$X25 -> 537.30221 | R25: ='Расчет дотаций'!V27-1 -> 0.042009656 | S25: =R25*'Расчет дотаций'!W27 -> 0.42009656 | T25: =$B25*S25/$X25 -> 155.93235 | U25: ='Расчет дотаций'!Z27-1 -> -0.030431195 | V25: =U25*'Расчет дотаций'!AA27 -> -0.30431195 | W25: =$B25*V25/$X25 -> -112.95517 | X25: =D25+G25+J25+M25+P25+S25+V25 -> 2.400708
A26: Исаклинский | B26: ='Расчет дотаций'!AE28 -> 1209.4 | C26: ='Расчет дотаций'!B28-1 -> 0 | D26: =C26*'Расчет дотаций'!C28 -> 0 | E26: =$B26*D26/$X26 -> 0 | F26: ='Расчет дотаций'!F28-1 -> 0.05220188 | G26: =F26*'Расчет дотаций'!G28 -> 0.5220188 | H26: =$B26*G26/$X26 -> 363.51976 | I26: ='Расчет дотаций'!J28-1 -> 0 | J26: =I26*'Расчет дотаций'!K28 -> 0 | K26: =$B26*J26/$X26 -> 0 | L26: ='Расчет дотаций'!N28-1 -> -0.14490477 | M26: =L26*'Расчет дотаций'!O28 -> -0.72452386 | N26: =$B26*M26/$X26 -> -504.5388 | O26: ='Расчет дотаций'!R28-1 -> 0.16117216 | P26: =O26*'Расчет дотаций'!S28 -> 1.6117216 | Q26: =$B26*P26/$X26 -> 1122.3593 | R26: ='Расчет дотаций'!V28-1 -> -0.021065297 | S26: =R26*'Расчет дотаций'!W28 -> -0.21065297 | T26: =$B26*S26/$X26 -> -146.69303 | U26: ='Расчет дотаций'!Z28-1 -> 0.053814953 | V26: =U26*'Расчет дотаций'!AA28 -> 0.53814953 | W26: =$B26*V26/$X26 -> 374.75277 | X26: =D26+G26+J26+M26+P26+S26+V26 -> 1.7367131
A27: Камышлинский | B27: ='Расчет дотаций'!AE29 -> -5138.6 | C27: ='Расчет дотаций'!B29-1 -> 0 | D27: =C27*'Расчет дотаций'!C29 -> 0 | E27: =$B27*D27/$X27 -> 0 | F27: ='Расчет дотаций'!F29-1 -> 0.0060991779 | G27: =F27*'Расчет дотаций'!G29 -> 0.060991779 | H27: =$B27*G27/$X27 -> 33.362375 | I27: ='Расчет дотаций'!J29-1 -> -0.085 | J27: =I27*'Расчет дотаций'!K29 -> -1.275 | K27: =$B27*J27/$X27 -> -697.42232 | L27: ='Расчет дотаций'!N29-1 -> -0.41590909 | M27: =L27*'Расчет дотаций'!O29 -> -2.0795455 | N27: =$B27*M27/$X27 -> -1137.507 | O27: ='Расчет дотаций'!R29-1 -> -0.085227273 | P27: =O27*'Расчет дотаций'!S29 -> -0.85227273 | Q27: =$B27*P27/$X27 -> -466.19139 | R27: ='Расчет дотаций'!V29-1 -> -0.20287207 | S27: =R27*'Расчет дотаций'!W29 -> -2.0287207 | T27: =$B27*S27/$X27 -> -1109.706 | U27: ='Расчет дотаций'!Z29-1 -> -0.32196389 | V27: =U27*'Расчет дотаций'!AA29 -> -3.2196389 | W27: =$B27*V27/$X27 -> -1761.1357 | X27: =D27+G27+J27+M27+P27+S27+V27 -> -9.3941859
A28: Кинельский | B28: ='Расчет дотаций'!AE30 -> 3482 | C28: ='Расчет дотаций'!B30-1 -> 0 | D28: =C28*'Расчет дотаций'!C30 -> 0 | E28: =$B28*D28/$X28 -> 0 | F28: ='Расчет дотаций'!F30-1 -> 0.074352266 | G28: =F28*'Расчет дотаций'!G30 -> 0.74352266 | H28: =$B28*G28/$X28 -> 394.09855 | I28: ='Расчет дотаций'!J30-1 -> 0 | J28: =I28*'Расчет дотаций'!K30 -> 0 | K28: =$B28*J28/$X28 -> 0 | L28: ='Расчет дотаций'!N30-1 -> 0.24632121 | M28: =L28*'Расчет дотаций'!O30 -> 1.231606 | N28: =$B28*M28/$X28 -> 652.80345 | O28: ='Расчет дотаций'!R30-1 -> 0.018675722 | P28: =O28*'Расчет дотаций'!S30 -> 0.18675722 | Q28: =$B28*P28/$X28 -> 98.989247 | R28: ='Расчет дотаций'!V30-1 -> 0.20268202 | S28: =R28*'Расчет дотаций'!W30 -> 2.0268202 | T28: =$B28*S28/$X28 -> 1074.3007 | U28: ='Расчет дотаций'!Z30-1 -> 0.23805794 | V28: =U28*'Расчет дотаций'!AA30 -> 2.3805794 | W28: =$B28*V28/$X28 -> 1261.8081 | X28: =D28+G28+J28+M28+P28+S28+V28 -> 6.5692855
A29: Кинель-Черкасский | B29: ='Расчет дотаций'!AE31 -> 1101.3 | C29: ='Расчет дотаций'!B31-1 -> 0 | D29: =C29*'Расчет дотаций'!C31 -> 0 | E29: =$B29*D29/$X29 -> 0 | F29: ='Расчет дотаций'!F31-1 -> 0.065026188 | G29: =F29*'Расчет дотаций'!G31 -> 0.65026188 | H29: =$B29*G29/$X29 -> 777.12889 | I29: ='Расчет дотаций'!J31-1 -> -0.01 | J29: =I29*'Расчет дотаций'!K31 -> -0.15 | K29: =$B29*J29/$X29 -> -179.26521 | L29: ='Расчет дотаций'!N31-1 -> -0.23386214 | M29: =L29*'Расчет дотаций'!O31 -> -1.1693107 | N29: =$B29*M29/$X29 -> -1397.4449 | O29: ='Расчет дотаций'!R31-1 -> 0.038485413 | P29: =O29*'Расчет дотаций'!S31 -> 0.38485413 | Q29: =$B29*P29/$X29 -> 459.93971 | R29: ='Расчет дотаций'!V31-1 -> -0.097644689 | S29: =R29*'Расчет дотаций'!W31 -> -0.97644689 | T29: =$B29*S29/$X29 -> -1166.9531 | U29: ='Расчет дотаций'!Z31-1 -> 0.21821534 | V29: =U29*'Расчет дотаций'!AA31 -> 2.1821534 | W29: =$B29*V29/$X29 -> 2607.8946 | X29: =D29+G29+J29+M29+P29+S29+V29 -> 0.92151176
... A44: Шигонский | B44: ='Расчет дотаций'!AE46 -> -5032 | C44: ='Расчет дотаций'!B46-1 -> 0 | D44: =C44*'Расчет дотаций'!C46 -> 0 | E44: =$B44*D44/$X44 -> 0 | F44: ='Расчет дотаций'!F46-1 -> 0.01116194 | G44: =F44*'Расчет дотаций'!G46 -> 0.1116194 | H44: =$B44*G44/$X44 -> 112.7508 | I44: ='Расчет дотаций'!J46-1 -> -0.015 | J44: =I44*'Расчет дотаций'!K46 -> -0.225 | K44: =$B44*J44/$X44 -> -227.28067 | L44: ='Расчет дотаций'!N46-1 -> -0.20426416 | M44: =L44*'Расчет дотаций'!O46 -> -1.0213208 | N44: =$B44*M44/$X44 -> -1031.6732 | O44: ='Расчет дотаций'!R46-1 -> -0.1473397 | P44: =O44*'Расчет дотаций'!S46 -> -1.473397 | Q44: =$B44*P44/$X44 -> -1488.3318 | R44: ='Расчет дотаций'!V46-1 -> -0.26252167 | S44: =R44*'Расчет дотаций'!W46 -> -2.6252167 | T44: =$B44*S44/$X44 -> -2651.8267 | U44: ='Расчет дотаций'!Z46-1 -> 0.025180913 | V44: =U44*'Расчет дотаций'!AA46 -> 0.25180913 | W44: =$B44*V44/$X44 -> 254.36154 | X44: =D44+G44+J44+M44+P44+S44+V44 -> -4.981506
A45: ИТОГО | B45: =B6+B17 -> -170253 | E45: =E6+E17 -> 0 | H45: =H6+H17 -> 40495.325 | K45: =K6+K17 -> -37765.526 | N45: =N6+N17 -> -138794.69 | Q45: =Q6+Q17 -> 6410.3348 | T45: =T6+T17 -> -20552.707 | W45: =W6+W17 -> -20045.741
